Workbook

Sheet ESTIMACIÓN DE INGRESOS
A1: Estimación de Ingresos por Clasificación por Rubro de Ingresos y Ley de Ingresos Municipal - 2019
A2: INSTITUTO MUNICIPAL DE LAS MUJERES DE IXTLAHUACAN DE LOS MEMBRILLOS, JALISCO.
A3: CRI/LI | B3: DESCRIPCIÓN | C3: INGRESO ESTIMADO ANUAL
A6: 1 | B6: IMPUESTOS | C6: =SUM(C7+C9+C13+C14+C15+C16+C17+C23+C24) -> 0
A7: 1.1 | B7: IMPUESTOS SOBRE LOS INGRESOS | C7: =SUM(C8) -> 0
A8: 1.1.1 | B8: Impuestos sobre espectáculos públicos
A9: 1.2 | B9: IMPUESTOS SOBRE EL PATRIMONIO | C9: =SUM(C10:C12) -> 0
A10: 1.2.1 | B10: Impuesto predial
A11: 1.2.2 | B11: Impuesto sobre transmisiones patrimoniales
A12: 1.2.3 | B12: Impuestos sobre negocios jurídicos
A13: 1.3 | B13: IMPUESTO SOBRE LA PRODUCCIÓN, EL CONSUMO Y LAS TRANSACCIONES
A14: 1.4 | B14: IMPUESTOS AL COMERCIO EXTERIOR
A15: 1.5 | B15: IMPUESTOS SOBRE NÓMINAS Y ASIMILABLES
A16: 1.6 | B16: IMPUESTOS ECOLÓGICOS
A17: 1.7 | B17: ACCESORIOS DE LOS IMPUESTOS | C17: =SUM(C18:C22) -> 0
A18: 1.7.1 | B18: Recargos
A19: 1.7.2 | B19: Multas
A20: 1.7.3 | B20: Intereses
A21: 1.7.4 | B21: Gastos de ejecución y de embargo
A22: 1.7.9 | B22: Otros no especificados
A23: 1.8 | B23: OTROS IMPUESTOS
A24: 1.9 | B24: IMPUESTOS NO COMPRENDIDOS EN LA LEY DE INGRESOS VIGENTE,CAUSADOS EN EJERCICIOS FISCALES ANTERIORES PENDIENTES DE LIQUIDACIÓN O PAGO
A25: 2 | B25: CUOTAS Y APORTACIONES DE SEGURIDAD SOCIAL | C25: =SUM(C26:C30) -> 0
A26: 2.1 | B26: APORTACIONES PARA FONDOS DE VIVIENDA
A27: 2.2 | B27: CUOTAS PARA EL SEGURO SOCIAL
A28: 2.3 | B28: CUOTAS DE AHORRO PARA EL RETIRO
A29: 2.4 | B29: OTRAS CUOTAS Y APORTACIONES PARA LA SEGURIDAD SOCIAL
A30: 2.5 | B30: ACCESORIOS DE CUOTAS Y APORTACIONES DE SEGURIDAD SOCIAL
A31: 3 | B31: CONTRIBUCIONES DE MEJORAS | C31: =SUM(C32:C33) -> 0
A32: 3.1 | B32: CONTRIBUCIÓN DE MEJORAS POR OBRAS PÚBLICAS
A33: 3.9 | B33: CONTRIBUCIONES DE MEJORAS NO COMPRENDIDAS EN LA LEY DE INGRESOS VIGENTE. CAUSADAS EN EJERCICIOS ANTERIORES PENDIENTES DE LIQUIDACIÓN O PAGO
A34: 4 | B34: DERECHOS | C34: =SUM(C35+C41+C56+C57+C62) -> 0
A35: 4.1 | B35: DERECHOS POR EL USO, GOCE, APROVECHAMIENTO O EXPLOTACIÓN DE BIENES DE DOMINIO PÚBLICO | C35: =SUM(C36:C39) -> 0
A36: 4.1.1 | B36: Uso del piso
A37: 4.1.2 | B37: Estacionamientos
A38: 4.1.3 | B38: De los Cementerios de dominio público
A39: 4.1.4 | B39: Uso, goce, aprovechamiento o explotación de otros bienes de dominio público
A40: 4.2 | B40: DERECHOS A LOS HIDROCARBUROS (Derogado)
A41: 4.3 | B41: DERECHOS POR PRESTACIÓN DE SERVICIOS | C41: =SUM(C42:C55) -> 0
A42: 4.3.1 | B42: Licencias y permisos de giros
A43: 4.3.2 | B43: Licencias y permisos para anuncios
A44: 4.3.3 | B44: Licencias de construcción, reconstrucción, reparación o demolición de obras
A45: 4.3.4 | B45: Alineamiento, designación de número oficial e inspección
A46: 4.3.5 | B46: Licencias de cambio de régimen de propiedad y urbanización
A47: 4.3.6 | B47: Servicios de obra
A48: 4.3.7 | B48: Regularizaciones de los registros de obra
A49: 4.3.8 | B49: Servicios de sanidad
A50: 4.3.9 | B50: Servicio de limpieza, recolección, traslado, tratamiento y disposición final de residuos
A51: 4.3.10 | B51: Agua potable, drenaje, alcantarillado, tratamiento y disposición final de aguas residuales
A52: 4.3.11 | B52: Rastro
A53: 4.3.12 | B53: Registro civil
... A55: 4.3.14 | B55: Servicios de catastro
A56: 4.4 | B56: OTROS DERECHOS
A57: 4.5 | B57: ACCESORIOS DE DERECHOS | C57: =SUM(C58:C61) -> 0
A58: 4.5.1 | B58: Recargos
A59: 4.5.2 | B59: Multas
A60: 4.5.3 | B60: Intereses
A61: 4.5.4 | B61: Gastos de ejecución y de embargo
A62: 4.9 | B62: DERECHOS NO COMPRENDIDOS EN LA LEY DE INGRESOS VIGENTE CAUSADOS EN EJERCICIOS FISCALES ANTERIORES PENDIENTES DE LIQUIDACIÓN O PAGO
A63: 5 | B63: PRODUCTOS | C63: =SUM(C64+C69) -> 0
A64: 5.1 | B64: PRODUCTOS | C64: =SUM(C65:C67) -> 0
A65: 5.1.1 | B65: Uso, goce, aprovechamiento o explotación de bienes de dominio privado
A66: 5.1.2 | B66: Cementerios de dominio privado
A67: 5.1.9 | B67: Productos diversos
A68: 5.2 | B68: PRODUCTOS DE CAPITAL (Derogado)
A69: 5.9 | B69: PRODUCTOS NO COMPRENDIDOS EN LA LEY DE INGRESOS VIGENTE, CAUSADOS EN EJERCICIOS FISCALES ANTERIORES, PENDIENTES DE LIQUIDACIÓN O PAGO
A70: 6 | B70: APROVECHAMIENTOS | C70: =SUM(C71+C79+C80+C81) -> 0
A71: 6.1 | B71: APROVECHAMIENTOS | C71: =SUM(C72:C78) -> 0
A72: 6.1.1 | B72: Incentivos derivados de la colaboración fiscal
A73: 6.1.2 | B73: Multas
A74: 6.1.3 | B74: Indemnizaciones
A75: 6.1.4 | B75: Reintegros
A76: 6.1.5 | B76: Aprovechamiento provenientes de obras públicas
A77: 6.1.6 | B77: Aprovechamiento por participaciones derivadas de la aplicación de leyes
A78: 6.1.7 | B78: Aprovechamientos por aportaciones y cooperaciones
A79: 6.2 | B79: APROVECHAMIENTOS PATRIMONIALES
A80: 6.3 | B80: ACCESORIOS DE APORVECHAMIENTOS
A81: 6.9 | B81: APROVECHAMIENTOS NO COMPRENDIDOS EN EN LA LEY DE INGRESOS VIGENTE, CAUSADOS EN EJERCICIOS FISCALES ANTERIORES, PENDIENTES DE LIQUIDACIÓN O PAGO
A82: 7 | B82: INGRESOS POR VENTAS DE BIENES, PRESTACIÓN DE SERVICIOS Y OTROS INGRESOS | C82: =SUM(C83:C91) -> 0
A83: 7.1 | B83: INGRESOS POR VENTA DE BIENES Y PRESTACIÓN DE SERVICIOS DE INSTITUCIONES PÚBLICAS DE SEGURIDAD SOCIAL
A84: 7.2 | B84: INGRESOS POR VENTA DE BIENES Y PRESTACIÓN DE SERVICIOS DE EMPRESAS PRODUCTIVAS DEL ESTADO
A85: 7.3 | B85: INGRESOS POR VENTA DE BIENES Y PRESTACIÓN DE SERVICIOS DE ENTIDADES PARAESTATALES Y FIDEICOMISOS NO EMPRESARIALES Y NO FINANCIEROS
A86: 7.4 | B86: INGRESOS POR VENTA DE BIENES Y PRESTACIÓN DE SERVICIOS DE ENTIDADES PARAESTATALES EMPRESARIALES NO FINANCIERAS CON PARTICIPACIÓN ESTATAL MAYORITARIA
A87: 7.5 | B87: INGRESOS POR VENTA DE BIENES Y PRESTACIÓN DE SERVICIOS DE ENTIDADES PARAESTATALES EMPRESARIALES FINANCIERAS MONETARIAS CON PARTICIPACIÓN ESTATAL MAYORITARIA
A88: 7.6 | B88: INGRESOS POR VENTA DE BIENES Y PRESTACIÓN DE SERVICIOS DE ENTIDADES PARAESTATALES EMPRESARIALES FINANCIERAS NO MONETARIAS CON PARTICIPACIÓN ESTATAL MAYORITARIA
A89: 7.7 | B89: INGRESOS POR VENTA DE BIENES Y PRESTACIÓN DE SERVICIOS DE FIDEICOMISOS FINANCIEROS PÚBLICOS CON PARTICIPACIÓN ESTATAL MAYORITARIA
A90: 7.8 | B90: INGRESOS POR VENTA DE BIENES Y PRESTACIÓN DE SERVICIOS DE LOS PODERES LEGISLATIVO Y JUDICIAL Y DE LOS ORGANOS AUTONOMOS
A91: 7.9 | B91: OTROS INGRESOS
A92: 8 | B92: PARTICIPACIONES, APORTACIONES, CONVENIOS, INCENTIVOS DERIVADOS DE LA COLABORACIÓN FISCAL Y FONDOS DISTINTOS DE LAS APORTACIONES | C92: =SUM(C93+C96+C101+C102+C103) -> 0
A93: 8.1 | B93: PARTICIPACIONES | C93: =SUM(C94:C95) -> 0
A94: 8.1.1 | B94: Federales
A95: 8.1.2 | B95: Estatales
A96: 8.2 | B96: APORTACIONES | C96: =SUM(C97:C100) -> 0
A97: 8.2.1 | B97: Del fondo de infraestructura social municipal
A98: 8.2.2 | B98: Rendimientos financieros del fondo de aportaciones para la infraestructura social
A99: 8.2 3 | B99: Del fondo para el fortalecimiento municipal
A100: 8.2 4 | B100: Rendimientos financieros del fondo de aportaciones para el fortalecimiento municipal
A101: 8.3 | B101: CONVENIOS
A102: 8.4 | B102: INCENTIVOS DERIVADOS DE LA COLABORACIÓN FISCAL
A103: 8.5 | B103: FONDOS DISTINTOS DE APORTACIONES
...

Sheet PRESUP.EGRESOS FUENTE FINANCIAM
A1: Presupuesto de Egresos por Clasificación por Objeto del Gasto y Fuentes de Financiamiento - 2019
A2: ='ESTIMACIÓN DE INGRESOS'!A2:C2 -> INSTITUTO MUNICIPAL DE LAS MUJERES DE IXTLAHUACAN DE LOS MEMBRILLOS, JALISCO.
A3: COG/FF | B3: DESCRIPCIÓN | C3: 1. NO ETIQUETADO | J3: 2. ETIQUETADO | M3: TOTAL ANUAL
C4: 1.1 RECURSOS FISCALES | D4: 1.2 FINANCIAMIENTOS INTERNOS | E4: 1.3 FINANCIAMIENTOS EXTERNOS | F4: 1.4 INGRESOS PROPIOS | G4: 1.5 RECURSOS FEDERALES | H4: 1.6 RECURSOS ESTATALES | I4: 1.7 OTROS RECURSOS DE LIBRE DISPOSICIÓN | J4: 2.5 RECURSOS FEDERALES | K4: 2.6 RECURSOS ESTATALES | L4: 2.7 OTROS RECURSOS DE TRANSFERENCIAS FEDERALES ETIQUETADAS
A6: 1000 | B6: SERVICIOS PERSONALES | C6: =C7+C12+C17+C26+C31+C38+C40 -> 0 | D6: =D7+D12+D17+D26+D31+D38+D40 -> 0 | E6: =E7+E12+E17+E26+E31+E38+E40 -> 0 | F6: =F7+F12+F17+F26+F31+F38+F40 -> 642643.2 | G6: =G7+G12+G17+G26+G31+G38+G40 -> 0 | H6: =H7+H12+H17+H26+H31+H38+H40 -> 0 | I6: =I7+I12+I17+I26+I31+I38+I40 -> 0 | J6: =J7+J12+J17+J26+J31+J38+J40 -> 0 | ... L6: =L7+L12+L17+L26+L31+L38+L40 -> 0 | M6: =SUM(C6:L6) -> 642643.2 | N6: =N7+N12+N17+N26+N31+N38+N40 -> 0
A7: 1100 | B7: REMUNERACIONES AL PERSONAL DE CARÁCTER PERMANENTE | C7: =SUM(C8:C11) -> 0 | D7: =SUM(D8:D11) -> 0 | E7: =SUM(E8:E11) -> 0 | F7: =SUM(F8:F11) -> 558673.2 | G7: =SUM(G8:G11) -> 0 | H7: =SUM(H8:H11) -> 0 | I7: =SUM(I8:I11) -> 0 | J7: =SUM(J8:J11) -> 0 | ... L7: =SUM(L8:L11) -> 0 | M7: =SUM(C7:L7) -> 558673.2 | O7: 1
A8: 111 | B8: Dietas | M8: =SUM(C8:L8) -> 0 | O8: 2
A9: 112 | B9: Haberes | M9: =SUM(C9:L9) -> 0 | O9: 3
A10: 113 | B10: Sueldos base al personal permanente | F10: 558673.2 | M10: =SUM(C10:L10) -> 558673.2
A11: 114 | B11: Remuneraciones por adscripción laboral en el extranjero | M11: =SUM(C11:L11) -> 0 | O11: 101
A12: 1200 | B12: REMUNERACIONES AL PERSONAL DE CARÁCTER TRANSITORIO | C12: =SUM(C13:C16) -> 0 | D12: =SUM(D13:D16) -> 0 | E12: =SUM(E13:E16) -> 0 | F12: =SUM(F13:F16) -> 5000 | G12: =SUM(G13:G16) -> 0 | H12: =SUM(H13:H16) -> 0 | I12: =SUM(I13:I16) -> 0 | J12: =SUM(J13:J16) -> 0 | ... L12: =SUM(L13:L16) -> 0 | M12: =SUM(C12:L12) -> 5000 | O12: 102
A13: 121 | B13: Honorarios asimilables a salarios | M13: =SUM(C13:L13) -> 0 | O13: 103
A14: 122 | B14: Sueldos base al personal eventual | F14: 5000 | M14: =SUM(C14:L14) -> 5000 | O14: 104
A15: 123 | B15: Retribuciones por servicios de carácter social | M15: =SUM(C15:L15) -> 0 | O15: 105
A16: 124 | B16: Retribución a los representantes de los trabajadores y de los patrones en la Junta de Conciliación y Arbitraje | M16: =SUM(C16:L16) -> 0 | O16: 106
A17: 1300 | B17: REMUNERACIONES ADICIONALES Y ESPECIALES | C17: =SUM(C18:C25) -> 0 | D17: =SUM(D18:D25) -> 0 | E17: =SUM(E18:E25) -> 0 | F17: =SUM(F18:F25) -> 78970 | G17: =SUM(G18:G25) -> 0 | H17: =SUM(H18:H25) -> 0 | I17: =SUM(I18:I25) -> 0 | J17: =SUM(J18:J25) -> 0 | ... L17: =SUM(L18:L25) -> 0 | M17: =SUM(C17:L17) -> 78970 | N17: =SUM(N18:N25) -> 0 | O17: 199
A18: 131 | B18: Primas por años de servicios efectivos prestados | M18: =SUM(C18:L18) -> 0
A19: 132 | B19: Primas de vacaciones, dominical y gratificación de fin de año | F19: 74970 | M19: =SUM(C19:L19) -> 74970 | O19: Infraestructura
A20: 133 | B20: Horas extraordinarias | F20: 4000 | M20: =SUM(C20:L20) -> 4000 | O20: 201
A21: 134 | B21: Compensaciones | M21: =SUM(C21:L21) -> 0 | O21: 203
A22: 135 | B22: Sobrehaberes | M22: =SUM(C22:L22) -> 0 | O22: 205
A23: 136 | B23: Asignaciones de técnico, de mando, por comisión, de vuelo y de técnico especial | M23: =SUM(C23:L23) -> 0 | O23: 207
A24: 137 | B24: Honorarios especiales | M24: =SUM(C24:L24) -> 0 | O24: 209
A25: 138 | B25: Participaciones por vigilancia en el cumplimiento de la leyes y custodia de valores | M25: =SUM(C25:L25) -> 0 | O25: 211
A26: 1400 | B26: SEGURIDAD SOCIAL | C26: =SUM(C27:C30) -> 0 | D26: =SUM(D27:D30) -> 0 | E26: =SUM(E27:E30) -> 0 | F26: =SUM(F27:F30) -> 0 | G26: =SUM(G27:G30) -> 0 | H26: =SUM(H27:H30) -> 0 | I26: =SUM(I27:I30) -> 0 | J26: =SUM(J27:J30) -> 0 | ... L26: =SUM(L27:L30) -> 0 | M26: =SUM(C26:L26) -> 0 | N26: =SUM(N27:N30) -> 0 | O26: 213
A27: 141 | B27: Aportaciones de seguridad social | M27: =SUM(C27:L27) -> 0 | O27: 215
A28: 142 | B28: Aportaciones a fondos de vivienda | M28: =SUM(C28:L28) -> 0 | O28: 217
A29: 143 | B29: Aportaciones al sistema para el retiro | M29: =SUM(C29:L29) -> 0 | O29: 219
A30: 144 | B30: Aportaciones para seguros | M30: =SUM(C30:L30) -> 0 | O30: 221
A31: 1500 | B31: OTRAS PRESTACIONES SOCIALES Y ECONÓMICAS | C31: =SUM(C32:C37) -> 0 | D31: =SUM(D32:D37) -> 0 | E31: =SUM(E32:E37) -> 0 | F31: =SUM(F32:F37) -> 0 | G31: =SUM(G32:G37) -> 0 | H31: =SUM(H32:H37) -> 0 | I31: =SUM(I32:I37) -> 0 | J31: =SUM(J32:J37) -> 0 | ... L31: =SUM(L32:L37) -> 0 | M31: =SUM(C31:L31) -> 0 | N31: =SUM(N32:N37) -> 0 | O31: 223
A32: 151 | B32: Cuotas para el fondo de ahorro y fondo de trabajo | M32: =SUM(C32:L32) -> 0 | O32: 225
A33: 152 | B33: Indemnizaciones | M33: =SUM(C33:L33) -> 0 | O33: 227
A34: 153 | B34: Prestaciones y haberes de retiro | M34: =SUM(C34:L34) -> 0 | O34: 229
A35: 154 | B35: Prestaciones contractuales | M35: =SUM(C35:L35) -> 0 | O35: Fortalecimiento
A36: 155 | B36: Apoyos a la capacitación de los servidores públicos | M36: =SUM(C36:L36) -> 0 | O36: 202
A37: 159 | B37: Otras prestaciones sociales y económicas | M37: =SUM(C37:L37) -> 0 | O37: 204
A38: 1600 | B38: PREVISIONES | C38: =SUM(C39) -> 0 | D38: =SUM(D39) -> 0 | E38: =SUM(E39) -> 0 | F38: =SUM(F39) -> 0 | G38: =SUM(G39) -> 0 | H38: =SUM(H39) -> 0 | I38: =SUM(I39) -> 0 | J38: =SUM(J39) -> 0 | ... L38: =SUM(L39) -> 0 | M38: =SUM(C38:L38) -> 0 | N38: =SUM(N39) -> 0 | O38: 206
A39: 161 | B39: Previsiones de carácter laboral, económica y de seguridad social | M39: =SUM(C39:L39) -> 0 | O39: 208
A40: 1700 | B40: PAGO DE ESTÍMULOS A SERVIDORES PÚBLICOS | C40: =SUM(C41:C42) -> 0 | D40: =SUM(D41:D42) -> 0 | E40: =SUM(E41:E42) -> 0 | F40: =SUM(F41:F42) -> 0 | G40: =SUM(G41:G42) -> 0 | H40: =SUM(H41:H42) -> 0 | I40: =SUM(I41:I42) -> 0 | J40: =SUM(J41:J42) -> 0 | ... L40: =SUM(L41:L42) -> 0 | M40: =SUM(C40:L40) -> 0 | N40: =SUM(N41:N42) -> 0 | O40: 210
A41: 171 | B41: Estímulos | M41: =SUM(C41:L41) -> 0 | O41: 212
A42: 172 | B42: Recompensas | M42: =SUM(C42:L42) -> 0 | O42: 214
A43: 2000 | B43: MATERIALES Y SUMINISTROS | C43: =C44+C53+C57+C67+C77+C85+C88+C94+C98 -> 0 | D43: =D44+D53+D57+D67+D77+D85+D88+D94+D98 -> 0 | E43: =E44+E53+E57+E67+E77+E85+E88+E94+E98 -> 0 | F43: =F44+F53+F57+F67+F77+F85+F88+F94+F98 -> 90256.5 | G43: =G44+G53+G57+G67+G77+G85+G88+G94+G98 -> 0 | H43: =H44+H53+H57+H67+H77+H85+H88+H94+H98 -> 0 | I43: =I44+I53+I57+I67+I77+I85+I88+I94+I98 -> 0 | J43: =J44+J53+J57+J67+J77+J85+J88+J94+J98 -> 0 | ... L43: =L44+L53+L57+L67+L77+L85+L88+L94+L98 -> 0 | M43: =SUM(C43:L43) -> 90256.5 | N43: =N44+N53+N57+N67+N77+N85+N88+N94+N98 -> 0 | O43: 216
A44: 2100 | B44: MATERIALES DE ADMINISTRACIÓN, EMISIÓN DE DOCUMENTOS Y ARTÍCULOS OFICIALES | C44: =SUM(C45:C52) -> 0 | D44: =SUM(D45:D52) -> 0 | E44: =SUM(E45:E52) -> 0 | F44: =SUM(F45:F52) -> 48256.5 | G44: =SUM(G45:G52) -> 0 | H44: =SUM(H45:H52) -> 0 | I44: =SUM(I45:I52) -> 0 | J44: =SUM(J45:J52) -> 0 | ... L44: =SUM(L45:L52) -> 0 | M44: =SUM(C44:L44) -> 48256.5 | N44: =SUM(N45:N52) -> 0 | O44: 224
A45: 211 | B45: Materiales, útiles y equipos menores de oficina | F45: 24110.5 | M45: =SUM(C45:L45) -> 24110.5 | O45: 226
A46: 212 | B46: Materiales y útiles de impresión y reproducción | F46: 13199 | M46: =SUM(C46:L46) -> 13199 | O46: 228
A47: 213 | B47: Material estadístico y geográfico | M47: =SUM(C47:L47) -> 0 | O47: 230
A48: 214 | B48: Materiales, útiles y equipos menores de tecnologías de la información y comunicaciones | F48: 4447 | M48: =SUM(C48:L48) -> 4447
A49: 215 | B49: Material impreso e información digital | F49: 1500 | M49: =SUM(C49:L49) -> 1500 | O49: 301
A50: 216 | B50: Material de limpieza | F50: 5000 | M50: =SUM(C50:L50) -> 5000 | O50: 302
A51: 217 | B51: Materiales y útiles de enseñanza | M51: =SUM(C51:L51) -> 0 | O51: 303
A52: 218 | B52: Materiales para el registro e identificación de bienes y personas | M52: =SUM(C52:L52) -> 0 | O52: 304
A53: 2200 | B53: ALIMENTOS Y UTENSILIOS | C53: =SUM(C54:C56) -> 0 | D53: =SUM(D54:D56) -> 0 | E53: =SUM(E54:E56) -> 0 | F53: =SUM(F54:F56) -> 0 | G53: =SUM(G54:G56) -> 0 | H53: =SUM(H54:H56) -> 0 | I53: =SUM(I54:I56) -> 0 | J53: =SUM(J54:J56) -> 0 | ... L53: =SUM(L54:L56) -> 0 | M53: =SUM(C53:L53) -> 0 | N53: =SUM(N54:N56) -> 0 | O53: 305
A54: 221 | B54: Productos alimenticios para personas | M54: =SUM(C54:L54) -> 0 | O54: 306
A55: 222 | B55: Productos alimenticios para animales | M55: =SUM(C55:L55) -> 0 | O55: 307
A56: 223 | B56: Utensilios para el servicio de alimentación | M56: =SUM(C56:L56) -> 0 | O56: 308
A57: 2300 | B57: MATERIAS PRIMAS Y MATERIALES DE PRODUCCIÓN Y COMERCIALIZACIÓN | C57: =SUM(C58:C66) -> 0 | D57: =SUM(D58:D66) -> 0 | E57: =SUM(E58:E66) -> 0 | F57: =SUM(F58:F66) -> 0 | G57: =SUM(G58:G66) -> 0 | H57: =SUM(H58:H66) -> 0 | I57: =SUM(I58:I66) -> 0 | J57: =SUM(J58:J66) -> 0 | ... L57: =SUM(L58:L66) -> 0 | M57: =SUM(C57:L57) -> 0 | N57: =SUM(N58:N66) -> 0 | O57: 309
A58: 231 | B58: Productos alimenticios, agropecuarios y forestales adquiridos como materia prima | M58: =SUM(C58:L58) -> 0 | O58: 310
A59: 232 | B59: Insumos textiles adquiridos como materia prima | M59: =SUM(C59:L59) -> 0 | O59: 311
A60: 233 | B60: Productos de papel, cartón e impresos adquiridos como materia prima | M60: =SUM(C60:L60) -> 0 | O60: 312
A61: 234 | B61: Combustibles, lubricantes, aditivos, carbón y sus derivados adquiridos como materia prima | M61: =SUM(C61:L61) -> 0 | O61: 313
A62: 235 | B62: Productos químicos, farmacéuticos y de laboratorio adquiridos como materia prima | M62: =SUM(C62:L62) -> 0 | O62: 314
A63: 236 | B63: Productos metálicos y a base de minerales no metálicos adquiridos como materia prima | M63: =SUM(C63:L63) -> 0 | O63: 315
A64: 237 | B64: Productos de cuero, piel, plástico y hule adquiridos como materia prima | M64: =SUM(C64:L64) -> 0 | O64: 316
A65: 238 | B65: Mercancías adquiridas para su comercialización | M65: =SUM(C65:L65) -> 0 | O65: 317
A66: 239 | B66: Otros productos adquiridos como materia prima | M66: =SUM(C66:L66) -> 0 | O66: 399
A67: 2400 | B67: MATERIALES Y ARTÍCULOS DE CONSTRUCCIÓN Y DE REPARACIÓN | C67: =SUM(C68:C76) -> 0 | D67: =SUM(D68:D76) -> 0 | E67: =SUM(E68:E76) -> 0 | F67: =SUM(F68:F76) -> 10000 | G67: =SUM(G68:G76) -> 0 | H67: =SUM(H68:H76) -> 0 | I67: =SUM(I68:I76) -> 0 | J67: =SUM(J68:J76) -> 0 | ... L67: =SUM(L68:L76) -> 0 | M67: =SUM(C67:L67) -> 10000 | N67: =SUM(N68:N76) -> 0
A68: 241 | B68: Productos minerales no metálicos | M68: =SUM(C68:L68) -> 0 | O68: 401
A69: 242 | B69: Cemento y productos de concreto | M69: =SUM(C69:L69) -> 0 | O69: 402
A70: 243 | B70: Cal, yeso y productos de yeso | M70: =SUM(C70:L70) -> 0 | O70: 403
A71: 244 | B71: Madera y productos de madera | M71: =SUM(C71:L71) -> 0 | O71: 404
A72: 245 | B72: Vidrio y productos de vidrio | M72: =SUM(C72:L72) -> 0 | O72: 405
A73: 246 | B73: Material eléctrico y electrónico | M73: =SUM(C73:L73) -> 0 | O73: 406
A74: 247 | B74: Artículos metálicos para la construcción | M74: =SUM(C74:L74) -> 0 | O74: 407
A75: 248 | B75: Materiales complementarios | M75: =SUM(C75:L75) -> 0 | O75: 499
A76: 249 | B76: Otros materiales y artículos de construcción y reparación | F76: 10000 | M76: =SUM(C76:L76) -> 10000
A77: 2500 | B77: PRODUCTOS QUÍMICOS, FARMACÉUTICOS Y DE LABORATORIO | C77: =SUM(C78:C84) -> 0 | D77: =SUM(D78:D84) -> 0 | E77: =SUM(E78:E84) -> 0 | F77: =SUM(F78:F84) -> 0 | G77: =SUM(G78:G84) -> 0 | H77: =SUM(H78:H84) -> 0 | I77: =SUM(I78:I84) -> 0 | J77: =SUM(J78:J84) -> 0 | ... L77: =SUM(L78:L84) -> 0 | M77: =SUM(C77:L77) -> 0 | N77: =SUM(N78:N84) -> 0 | O77: 501
A78: 251 | B78: Productos químicos básicos | M78: =SUM(C78:L78) -> 0 | O78: 502
A79: 252 | B79: Fertilizantes, pesticidas y otros agroquímicos | M79: =SUM(C79:L79) -> 0 | O79: 503
A80: 253 | B80: Medicinas y productos farmacéuticos | M80: =SUM(C80:L80) -> 0 | O80: 599
A81: 254 | B81: Materiales, accesorios y suministros médicos | M81: =SUM(C81:L81) -> 0
A82: 255 | B82: Materiales, accesorios y suministros de laboratorio | M82: =SUM(C82:L82) -> 0 | O82: 901
A83: 256 | B83: Fibras sintéticas, hules plásticos y derivados | M83: =SUM(C83:L83) -> 0 | O83: 902
A84: 259 | B84: Otros productos químicos | M84: =SUM(C84:L84) -> 0 | O84: 903
A85: 2600 | B85: COMBUSTIBLES, LUBRICANTES Y ADITIVOS | C85: =SUM(C86:C87) -> 0 | D85: =SUM(D86:D87) -> 0 | E85: =SUM(E86:E87) -> 0 | F85: =SUM(F86:F87) -> 30000 | G85: =SUM(G86:G87) -> 0 | H85: =SUM(H86:H87) -> 0 | I85: =SUM(I86:I87) -> 0 | J85: =SUM(J86:J87) -> 0 | ... L85: =SUM(L86:L87) -> 0 | M85: =SUM(C85:L85) -> 30000 | N85: =SUM(N86:N87) -> 0 | O85: 904
A86: 261 | B86: Combustibles, lubricantes y aditivos | F86: 30000 | M86: =SUM(C86:L86) -> 30000 | O86: 999
A87: 262 | B87: Carbón y sus derivados | M87: =SUM(C87:L87) -> 0
A88: 2700 | B88: VESTUARIO, BLANCOS, PRENDAS DE PROTECCIÓN Y ARTÍCULOS DEPORTIVOS | C88: =SUM(C89:C93) -> 0 | D88: =SUM(D89:D93) -> 0 | E88: =SUM(E89:E93) -> 0 | F88: =SUM(F89:F93) -> 2000 | G88: =SUM(G89:G93) -> 0 | H88: =SUM(H89:H93) -> 0 | I88: =SUM(I89:I93) -> 0 | J88: =SUM(J89:J93) -> 0 | ... L88: =SUM(L89:L93) -> 0 | M88: =SUM(C88:L88) -> 2000 | N88: =SUM(N89:N93) -> 0
A89: 271 | B89: Vestuario y uniformes | F89: 2000 | M89: =SUM(C89:L89) -> 2000
A90: 272 | B90: Prendas de seguridad y protección personal | M90: =SUM(C90:L90) -> 0
A91: 273 | B91: Artículos deportivos | M91: =SUM(C91:L91) -> 0
A92: 274 | B92: Productos textiles | M92: =SUM(C92:L92) -> 0
A93: 275 | B93: Blancos y otros productos textiles, excepto prendas de vestir | M93: =SUM(C93:L93) -> 0
A94: 2800 | B94: MATERIALES Y SUMINISTROS PARA SEGURIDAD | C94: =SUM(C95:C97) -> 0 | D94: =SUM(D95:D97) -> 0 | E94: =SUM(E95:E97) -> 0 | F94: =SUM(F95:F97) -> 0 | G94: =SUM(G95:G97) -> 0 | H94: =SUM(H95:H97) -> 0 | I94: =SUM(I95:I97) -> 0 | J94: =SUM(J95:J97) -> 0 | ... L94: =SUM(L95:L97) -> 0 | M94: =SUM(C94:L94) -> 0 | N94: =SUM(N95:N97) -> 0
A95: 281 | B95: Sustancias y materiales explosivos | M95: =SUM(C95:L95) -> 0
A96: 282 | B96: Materiales de seguridad pública | M96: =SUM(C96:L96) -> 0
A97: 283 | B97: Prendas de protección para seguridad pública y nacional | M97: =SUM(C97:L97) -> 0
A98: 2900 | B98: HERRAMIENTAS, REFACCIONES Y ACCESORIOS MENORES | C98: =SUM(C99:C107) -> 0 | D98: =SUM(D99:D107) -> 0 | E98: =SUM(E99:E107) -> 0 | F98: =SUM(F99:F107) -> 0 | G98: =SUM(G99:G107) -> 0 | H98: =SUM(H99:H107) -> 0 | I98: =SUM(I99:I107) -> 0 | J98: =SUM(J99:J107) -> 0 | ... L98: =SUM(L99:L107) -> 0 | M98: =SUM(C98:L98) -> 0 | N98: =SUM(N99:N107) -> 0
A99: 291 | B99: Herramientas menores | M99: =SUM(C99:L99) -> 0
A100: 292 | B100: Refacciones y accesorios menores de edificios | M100: =SUM(C100:L100) -> 0
A101: 293 | B101: Refacciones y accesorios menores de mobiliario y equipo de administración, educacional y recreativo | M101: =SUM(C101:L101) -> 0
...

Sheet PROYECCIONES INGRESOS
A1: PROYECCIONES Y RESULTADOS DE INGRESOS L D F - 2019
A2: ='ESTIMACIÓN DE INGRESOS'!A2:C2 -> INSTITUTO MUNICIPAL DE LAS MUJERES DE IXTLAHUACAN DE LOS MEMBRILLOS, JALISCO.
A3: CONCEPTOS | E3: EJERCICIO 2016 | F3: EJERCICIO 2017 | G3: EJERCICIO 2018 | H3: ESTIMACIÓN 2019 | I3: VARIACIÓN 2018 - 2019 | J3: EJERCICIO 2020 | K3: EJERCICIO 2021 | L3: EJERCICIO 2022
A5: I N G R E S O S
A6: 1 | B6: IMPUESTOS | E6: =SUM(E7:E15) -> 0 | F6: =SUM(F7:F15) -> 0 | G6: =SUM(G7:G15) -> 0 | H6: =SUM(H7:H15) -> 0 | I6: =H6/G6-1 -> #DIV/0! | J6: =SUM(J7:J15) -> 0 | K6: =SUM(K7:K15) -> 0 | L6: =SUM(L7:L15) -> 0
A7: 1.1 | B7: Impuesto Sobre los Ingresos | H7: ='ESTIMACIÓN DE INGRESOS'!$C$7 -> 0 | I7: =H7/G7-1 -> #DIV/0!
A8: 1.2 | B8: Impuestos Sobre Patrimonio | H8: ='ESTIMACIÓN DE INGRESOS'!$C$9 -> 0 | I8: =H8/G8-1 -> #DIV/0!
A9: 1.3 | B9: Impuestos Sobre la Producción, el Consumo y las Transacciones | H9: ='ESTIMACIÓN DE INGRESOS'!C13 -> 0 | I9: =H9/G9-1 -> #DIV/0!
A10: 1.4 | B10: Impuestos al Comercio Exterior | H10: ='ESTIMACIÓN DE INGRESOS'!C14 -> 0 | I10: =H10/G10-1 -> #DIV/0!
A11: 1.5 | B11: Impuestos Sobre Nóminas y Asimilables | H11: ='ESTIMACIÓN DE INGRESOS'!C15 -> 0 | I11: =H11/G11-1 -> #DIV/0!
A12: 1.6 | B12: Impuestos Ecológicos | H12: ='ESTIMACIÓN DE INGRESOS'!C16 -> 0 | I12: =H12/G12-1 -> #DIV/0!
A13: 1.7 | B13: Accesorios de los Impuestos | H13: ='ESTIMACIÓN DE INGRESOS'!C17 -> 0 | I13: =H13/G13-1 -> #DIV/0!
A14: 1.8 | B14: Otros Impuestos | H14: ='ESTIMACIÓN DE INGRESOS'!C23 -> 0 | I14: =H14/G14-1 -> #DIV/0!
A15: 1.9 | B15: Impuestos no comprendidos en la Ley de Ingresos Vigente, causados en Ejercicios Fiscales Anteriores Pendientes de Liquidación o Pago | H15: ='ESTIMACIÓN DE INGRESOS'!C24 -> 0 | I15: =H15/G15-1 -> #DIV/0!
A16: 2 | B16: CUOTAS Y APORTACIONES DE SEGURIDAD SOCIAL | E16: =SUM(E17:E21) -> 0 | F16: =SUM(F17:F21) -> 0 | G16: =SUM(G17:G21) -> 0 | H16: =SUM(H17:H21) -> 0 | I16: =H16/G16-1 -> #DIV/0! | J16: =SUM(J17:J21) -> 0 | K16: =SUM(K17:K21) -> 0 | L16: =SUM(L17:L21) -> 0
A17: 2.1 | B17: Aportaciones para Fondos de Vivienda | H17: ='ESTIMACIÓN DE INGRESOS'!C26 -> 0 | I17: =H17/G17-1 -> #DIV/0!
A18: 2.2 | B18: Cuotas para el Seguro Social | H18: ='ESTIMACIÓN DE INGRESOS'!C27 -> 0 | I18: =H18/G18-1 -> #DIV/0!
A19: 2.3 | B19: Cuotas de Ahorro para el Retiro | H19: ='ESTIMACIÓN DE INGRESOS'!C28 -> 0 | I19: =H19/G19-1 -> #DIV/0!
A20: 2.4 | B20: Otras Cuotas y Aportaciones para la Seguridad Social | H20: ='ESTIMACIÓN DE INGRESOS'!C29 -> 0 | I20: =H20/G20-1 -> #DIV/0!
A21: 2.5 | B21: Accesorios de Cuotas y Aportaciones de Seguridad Social | H21: ='ESTIMACIÓN DE INGRESOS'!C30 -> 0 | I21: =H21/G21-1 -> #DIV/0!
A22: 3 | B22: CONTRIBUCIONES DE MEJORAS | E22: =SUM(E23:E24) -> 0 | F22: =SUM(F23:F24) -> 0 | G22: =SUM(G23:G24) -> 0 | H22: =SUM(H23:H24) -> 0 | I22: =H22/G22-1 -> #DIV/0! | J22: =SUM(J23:J24) -> 0 | K22: =SUM(K23:K24) -> 0 | L22: =SUM(L23:L24) -> 0
A23: 3.1 | B23: Contribuciones de Mejoras por Obras Públicas | H23: ='ESTIMACIÓN DE INGRESOS'!C32 -> 0 | I23: =H23/G23-1 -> #DIV/0!
A24: 3.9 | B24: Contribuciones de Mejoras no comprendidas en la Ley de Ingresos Vigente, causadas en Ejercicios Anteriores Pendientes de Liquidación o Pago | H24: ='ESTIMACIÓN DE INGRESOS'!C33 -> 0 | I24: =H24/G24-1 -> #DIV/0!
A25: 4 | B25: DERECHOS. | E25: =SUM(E26:E31) -> 0 | F25: =SUM(F26:F31) -> 0 | G25: =SUM(G26:G31) -> 0 | H25: =SUM(H26:H31) -> 0 | I25: =H25/G25-1 -> #DIV/0! | J25: =SUM(J26:J31) -> 0 | K25: =SUM(K26:K31) -> 0 | L25: =SUM(L26:L31) -> 0
A26: 4.1 | B26: Dererechos por el Uso, Goce, Aprovechamiento o Explotación de Bienes de Dominio Público | H26: ='ESTIMACIÓN DE INGRESOS'!$C$35 -> 0 | I26: =H26/G26-1 -> #DIV/0!
A27: 4.2 | B27: Derecho a los Hidrocarburos (Derogado) | H27: ='ESTIMACIÓN DE INGRESOS'!C40 -> 0 | I27: =H27/G27-1 -> #DIV/0!
A28: 4.3 | B28: Derechos por Prestación de Servicios | H28: ='ESTIMACIÓN DE INGRESOS'!C41 -> 0 | I28: =H28/G28-1 -> #DIV/0!
A29: 4.4 | B29: Otros Derechos | H29: ='ESTIMACIÓN DE INGRESOS'!C56 -> 0 | I29: =H29/G29-1 -> #DIV/0!
A30: 4.5 | B30: Accesorios de Derechos | H30: ='ESTIMACIÓN DE INGRESOS'!C57 -> 0 | I30: =H30/G30-1 -> #DIV/0!
A31: 4.9 | B31: Derechos no comprendidos en la Ley de Ingresos Vigente, causados en Ejercicios Fiscales Anteriores Pendientes de Liquidación o Pago | H31: ='ESTIMACIÓN DE INGRESOS'!$C$62 -> 0 | I31: =H31/G31-1 -> #DIV/0!
A32: 5 | B32: PRODUCTOS | E32: =SUM(E33:E35) -> 0 | F32: =SUM(F33:F35) -> 0 | G32: =SUM(G33:G35) -> 0 | H32: =SUM(H33:H35) -> 0 | I32: =H32/G32-1 -> #DIV/0! | J32: =SUM(J33:J35) -> 0 | K32: =SUM(K33:K35) -> 0 | L32: =SUM(L33:L35) -> 0
A33: 5.1 | B33: Productos | H33: ='ESTIMACIÓN DE INGRESOS'!$C$64 -> 0 | I33: =H33/G33-1 -> #DIV/0!
A34: 5.2 | B34: Productos de Capital (Derogado) | H34: ='ESTIMACIÓN DE INGRESOS'!C68 -> 0 | I34: =H34/G34-1 -> #DIV/0!
A35: 5.9 | B35: Productos no Comprendidos en la Ley de Ingresos Vigente, Causados en Ejercicios Fiscales Anteriores Pendientes de Liquidación o Pago | H35: ='ESTIMACIÓN DE INGRESOS'!C69 -> 0 | I35: =H35/G35-1 -> #DIV/0!
A36: 6 | B36: APROVECHAMIENTOS | E36: =SUM(E37:E40) -> 0 | F36: =SUM(F37:F40) -> 0 | G36: =SUM(G37:G40) -> 0 | H36: =SUM(H37:H40) -> 0 | I36: =H36/G36-1 -> #DIV/0! | J36: =SUM(J37:J40) -> 0 | K36: =SUM(K37:K40) -> 0 | L36: =SUM(L37:L40) -> 0
A37: 6.1 | B37: Aprovechamientos | H37: ='ESTIMACIÓN DE INGRESOS'!$C$71 -> 0 | I37: =H37/G37-1 -> #DIV/0!
A38: 6.2 | B38: Aprovechamientos Patrimoniales | H38: ='ESTIMACIÓN DE INGRESOS'!C79 -> 0 | I38: =H38/G38-1 -> #DIV/0!
A39: 6.3 | B39: Accesosrios de Aprovechamientos | H39: ='ESTIMACIÓN DE INGRESOS'!C80 -> 0 | I39: =H39/G39-1 -> #DIV/0!
A40: 6.9 | B40: Aprovechamientos no Comprendidos en la Ley de Ingresos Vigente, Causados en Ejercicios Fiscales Anteriores, Pendientes de Liquidación o Pago | H40: ='ESTIMACIÓN DE INGRESOS'!C81 -> 0 | I40: =H40/G40-1 -> #DIV/0!
A41: 7 | B41: INGRESOS POR VENTA DE BIENES, PRESTACIÓN DE SERVICIOS Y OTROS INGRESOS | E41: =SUM(E42:E50) -> 0 | F41: =SUM(F42:F50) -> 0 | G41: =SUM(G42:G50) -> 0 | H41: =SUM(H42:H50) -> 0 | I41: =H41/G41-1 -> #DIV/0! | J41: =SUM(J42:J50) -> 0 | K41: =SUM(K42:K50) -> 0 | L41: =SUM(L42:L50) -> 0
A42: 7.1 | B42: Ingreso por Venta de Bienes y Prestación de Servicios de Instituciones Públicas de Seguridad Social | H42: ='ESTIMACIÓN DE INGRESOS'!C83 -> 0 | I42: =H42/G42-1 -> #DIV/0!
A43: 7.2 | B43: Ingresos por Venta de Bienes y Prestación de Servicios de Empresas Productivas del Estado | H43: ='ESTIMACIÓN DE INGRESOS'!C84 -> 0 | I43: =H43/G43-1 -> #DIV/0!
A44: 7.3 | B44: Ingresos por Venta de Bienes y Prestación de Servicios de Entidades Paraestatales y Fideicomisos No Empresariales y No Financieros | H44: ='ESTIMACIÓN DE INGRESOS'!C85 -> 0 | I44: =H44/G44-1 -> #DIV/0!
A45: 7.4 | B45: Ingresos por Venta de Bienes y Prestación de Servicios de Entidades Paraestatales Empresariales No Financieras con Participación Estatal Mayoritaria | H45: ='ESTIMACIÓN DE INGRESOS'!C86 -> 0 | I45: =H45/G45-1 -> #DIV/0!
A46: 7.5 | B46: Ingresos por Venta de Bienes y Prestación de Servicios de Entidades Paraestatales Empresariales Financieras Monetarias con Participación Estatal Mayoritaria | H46: ='ESTIMACIÓN DE INGRESOS'!C87 -> 0 | I46: =H46/G46-1 -> #DIV/0!
A47: 7.6 | B47: Ingresos por Venta de Bienes y Prestación de Servicios de Entidades Paraestatales Empresariales Financieras No Monetarias con Participación Estatal Mayoritaria | H47: ='ESTIMACIÓN DE INGRESOS'!C88 -> 0 | I47: =H47/G47-1 -> #DIV/0!
A48: 7.7 | B48: Ingresos por Venta de Bienes y Prestación de Servicios de Fideicomisos Financieros Públicos con Participación Estatal Mayoritaria | H48: ='ESTIMACIÓN DE INGRESOS'!C89 -> 0 | I48: =H48/G48-1 -> #DIV/0!
A49: 7.8 | B49: Ingresos por Venta de Bienes y Prestación de Servicios de los Poderes Legislativo y Judicial, y de los Órganos Autónomos | H49: ='ESTIMACIÓN DE INGRESOS'!C90 -> 0 | I49: =H49/G49-1 -> #DIV/0!
A50: 7.9 | B50: Otros Ingresos | H50: ='ESTIMACIÓN DE INGRESOS'!C91 -> 0 | I50: =H50/G50-1 -> #DIV/0!
A51: 8 | B51: PARTICIPACIONES, APORTACIONES, CONVENIOS, INCENTIVOS DERIVADOS DE LA COLABORACIÓN FISCAL Y FONDOS DISTINTOS DE APORTACIONES | E51: =SUM(E52:E56) -> 0 | F51: =SUM(F52:F56) -> 0 | G51: =SUM(G52:G56) -> 0 | H51: =SUM(H52:H56) -> 0 | I51: =H51/G51-1 -> #DIV/0! | J51: =SUM(J52:J56) -> 0 | K51: =SUM(K52:K56) -> 0 | L51: =SUM(L52:L56) -> 0
A52: 8.1 | B52: Participaciones | H52: ='ESTIMACIÓN DE INGRESOS'!$C$93 -> 0 | I52: =H52/G52-1 -> #DIV/0!
A53: 8.2 | B53: Aportaciones | H53: ='ESTIMACIÓN DE INGRESOS'!$C$96 -> 0 | I53: =H53/G53-1 -> #DIV/0!
A54: 8.3 | B54: Convenios | H54: ='ESTIMACIÓN DE INGRESOS'!C101 -> 0 | I54: =H54/G54-1 -> #DIV/0!
A55: 8.4 | B55: Incentivos Derivados de la Colaboración Fiscal | H55: ='ESTIMACIÓN DE INGRESOS'!C102 -> 0 | I55: =H55/G55-1 -> #DIV/0!
A56: 8.5 | B56: Fondos Distintos de Aportaciones | H56: ='ESTIMACIÓN DE INGRESOS'!C103 -> 0 | I56: =H56/G56-1 -> #DIV/0!
A57: 9 | B57: TRANSFERENCIAS, ASIGNACIONES, SUBSIDIOS Y SUBVENCIONES, Y PENSIONES Y JUBILACIONES | E57: =SUM(E58:E64) -> 0 | F57: =SUM(F58:F64) -> 0 | G57: =SUM(G58:G64) -> 0 | H57: =SUM(H58:H64) -> 960000 | I57: =H57/G57-1 -> #DIV/0! | J57: =SUM(J58:J64) -> 0 | K57: =SUM(K58:K64) -> 0 | L57: =SUM(L58:L64) -> 0
A58: 9.1 | B58: Transferencias y Asignaciones | H58: ='ESTIMACIÓN DE INGRESOS'!C105 -> 0 | I58: =H58/G58-1 -> #DIV/0!
A59: 9.2 | B59: Transferencias al Resto del Sector Público (Derogado) | H59: ='ESTIMACIÓN DE INGRESOS'!C106 -> 0 | I59: =H59/G59-1 -> #DIV/0!
A60: 9.3 | B60: Subsidios y Subvenciones | H60: ='ESTIMACIÓN DE INGRESOS'!C107 -> 960000 | I60: =H60/G60-1 -> #DIV/0!
A61: 9.4 | B61: Ayudas Sociales (Derogado) | H61: ='ESTIMACIÓN DE INGRESOS'!C108 -> 0 | I61: =H61/G61-1 -> #DIV/0!
A62: 9.5 | B62: Pensiones y Jubilaciones | H62: ='ESTIMACIÓN DE INGRESOS'!C109 -> 0 | I62: =H62/G62-1 -> #DIV/0!
A63: 9.6 | B63: Transferencias a Fideicomisos, Mandatos y Análogos (Derogado) | H63: ='ESTIMACIÓN DE INGRESOS'!C110 -> 0 | I63: =H63/G63-1 -> #DIV/0!
A64: 9.7 | B64: Transferencias del Fondo Mexicano del Petróleo para la Estabilización y el Desarrollo | H64: ='ESTIMACIÓN DE INGRESOS'!C111 -> 0 | I64: =H64/G64-1 -> #DIV/0!
A65: 0 | B65: INGRESOS DERIVADOS DE FINANCIAMIENTO | E65: =SUM(E66:E68) -> 0 | F65: =SUM(F66:F68) -> 0 | G65: =SUM(G66:G68) -> 0 | H65: =SUM(H66:H68) -> 0 | I65: =H65/G65-1 -> #DIV/0! | J65: =SUM(J66:J68) -> 0 | K65: =SUM(K66:K68) -> 0 | L65: =SUM(L66:L68) -> 0
A66: 0.1 | B66: Endeudamiento Interno | H66: ='ESTIMACIÓN DE INGRESOS'!C113 -> 0 | I66: =H66/G66-1 -> #DIV/0!
A67: 0.2 | B67: Endeudamiento Externo | H67: ='ESTIMACIÓN DE INGRESOS'!C114 -> 0 | I67: =H67/G67-1 -> #DIV/0!
A68: 0.3 | B68: Financiamiento Interno | H68: ='ESTIMACIÓN DE INGRESOS'!C115 -> 0 | I68: =H68/G68-1 -> #DIV/0!
A69: TOTAL DE INGRESOS | E69: =SUM(E6+E16+E22+E25+E32+E36+E41+E51+E57+E65) -> 0 | F69: =SUM(F6+F16+F22+F25+F32+F36+F41+F51+F57+F65) -> 0 | G69: =SUM(G6+G16+G22+G25+G32+G36+G41+G51+G57+G65) -> 0 | H69: =SUM(H6+H16+H22+H25+H32+H36+H41+H51+H57+H65) -> 960000 | I69: =H69/G69-1 -> #DIV/0! | J69: =SUM(J6+J16+J22+J25+J32+J36+J41+J51+J57+J65) -> 0 | K69: =SUM(K6+K16+K22+K25+K32+K36+K41+K51+K57+K65) -> 0 | L69: =SUM(L6+L16+L22+L25+L32+L36+L41+L51+L57+L65) -> 0
A73: CLASIFICACIÓN POR RUBRO DE INGRESOS
A74: TI | B74: DESCRIPCIÓN | C74: ESTIMACIÓN | D74: %
A75: 1 | B75: INGRESOS DE GESTIÓN ( 1 al 7 ) | C75: =H6+H16+H22+H25+H32+H36+H41 -> 0 | D75: =C75/$C$78 -> 0
A76: 2 | B76: PARTICIPACIONES, APORTACIONES, CONVENIOS, INCENTIVOS DERIVADOS DE LA COLABORACIÓN FISCAL Y FONDOS DISTINTOS DE APORTACIONES,TRANSFERENCIAS, ASIGNACIONES, SUBSIDIOS,SUBVENCIONES, PENSIONES Y JUBILACIONES ( 8 y 9 ) | C76: =H51+H57 -> 960000 | D76: =C76/$C$78 -> 1
A77: 3 | B77: INGRESOS DERIVADOS DE FINANCIAMIENTO ( 0 ) | C77: =H65 -> 0 | D77: =C77/$C$78 -> 0
B78: SUMA | C78: =SUM(C75:C77) -> 960000 | D78: =SUM(D75:D77) -> 1
A79: CLASIFICACIÓN POR FUENTE DE FINANCIAMIENTO 1 NO ETIQUETADO
A80: FF | B80: DESCRIPCIÓN | C80: ESTIMACIÓN | D80: %
A81: 1.1 | B81: RECURSOS FISCALES | C81: ='PRESUP.EGRESOS FUENTE FINANCIAM'!C433 -> 0 | D81: =C81/$C$88 -> 0
A82: 1.2 | B82: FINANCIAMIENTOS INTERNOS | C82: ='PRESUP.EGRESOS FUENTE FINANCIAM'!D433 -> 0 | D82: =C82/$C$88 -> 0
A83: 1.3 | B83: FINANCIAMIENTOS EXTERNOS | C83: ='PRESUP.EGRESOS FUENTE FINANCIAM'!E433 -> 0 | D83: =C83/$C$88 -> 0
A84: 1.4 | B84: INGRESOS PROPIOS | C84: ='PRESUP.EGRESOS FUENTE FINANCIAM'!F433 -> 959999.7 | D84: =C84/$C$88 -> 1
A85: 1.5 | B85: RECURSOS FEDERALES | C85: ='PRESUP.EGRESOS FUENTE FINANCIAM'!G433 -> 0 | D85: =C85/$C$88 -> 0
A86: 1.6 | B86: RECURSOS ESTATALES | C86: ='PRESUP.EGRESOS FUENTE FINANCIAM'!H433 -> 0 | D86: =C86/$C$88 -> 0
A87: 1.7 | B87: OTROS RECURSOS DE LIBRE DISPOSICIÓN | C87: ='PRESUP.EGRESOS FUENTE FINANCIAM'!I433 -> 0 | D87: =C87/$C$88 -> 0
B88: SUMA | C88: =SUM(C81:C87) -> 959999.7 | D88: =SUM(D81:D87) -> 1
A91: CLASIFICACIÓN POR FUENTE DE FINANCIAMIENTO 2 ETIQUETADO
A93: 2.5 | B93: RECURSOS FEDERALES | C93: ='PRESUP.EGRESOS FUENTE FINANCIAM'!J433 -> 0 | D93: =C93/$C$96 -> #DIV/0!
A94: 2.6 | B94: RECURSOS ESTATALES | C94: ='PRESUP.EGRESOS FUENTE FINANCIAM'!K433 -> 0 | D94: =C94/$C$96 -> #DIV/0!
A95: 2.7 | B95: OTROS RECURSOS DE TRANSFERENCIAS FEDERALES ETIQUETADAS | C95: ='PRESUP.EGRESOS FUENTE FINANCIAM'!L433 -> 0 | D95: =C95/$C$96 -> #DIV/0!
B96: SUMA | C96: =SUM(C93:C95) -> 0 | D96: =SUM(D93:D95) -> #DIV/0!

Sheet PROYECCIONES EGRESOS
A1: PROYECCIONES Y RESULTADOS DE EGRESOS LDF - 2019
A2: ='ESTIMACIÓN DE INGRESOS'!A2:C2 -> INSTITUTO MUNICIPAL DE LAS MUJERES DE IXTLAHUACAN DE LOS MEMBRILLOS, JALISCO.
A3: CONCEPTOS | E3: EJERCICIO 2016 | F3: EJERCICIO 2017 | G3: EJERCICIO 2018 | H3: ESTIMACIÓN 2019 | I3: VARIACIÓN 2018- 2019 | J3: EJERCICIO 2020 | K3: EJERCICIO 2021 | L3: EJERCICIO 2022
A5: E G R E S O S
A6: 1000 | B6: SERVICIOS PERSONALES | E6: =SUM(E7:E13) -> 0 | F6: =SUM(F7:F13) -> 0 | G6: =SUM(G7:G13) -> 333332 | H6: =SUM(H7:H13) -> 642643.2 | I6: =H6/G6-1 -> 0.92793731 | J6: =SUM(J7:J13) -> 666000 | K6: =SUM(K7:K13) -> 0 | L6: =SUM(L7:L13) -> 0
A7: 1100 | B7: Remuneraciones al Personal de Carácter Permanente | G7: 289680 | H7: ='PRESUP.EGRESOS FUENTE FINANCIAM'!M7 -> 558673.2 | I7: =H7/G7-1 -> 0.92858741 | J7: 588000
A8: 1200 | B8: Remuneraciones al Personal de Carácter Transitorio | H8: ='PRESUP.EGRESOS FUENTE FINANCIAM'!M12 -> 5000 | I8: =H8/G8-1 -> #DIV/0! | J8: 3000
A9: 1300 | B9: Remuneraciones Adicionales Especiales | G9: 43652 | H9: ='PRESUP.EGRESOS FUENTE FINANCIAM'!M17 -> 78970 | I9: =H9/G9-1 -> 0.80908091 | J9: 75000
A10: 1400 | B10: Seguridad Social | H10: ='PRESUP.EGRESOS FUENTE FINANCIAM'!M26 -> 0 | I10: =H10/G10-1 -> #DIV/0!
A11: 1500 | B11: Otras Prestaciones Sociales y Económicas | H11: ='PRESUP.EGRESOS FUENTE FINANCIAM'!M31 -> 0 | I11: =H11/G11-1 -> #DIV/0!
A12: 1600 | B12: Previsiones | H12: ='PRESUP.EGRESOS FUENTE FINANCIAM'!M38 -> 0 | I12: =H12/G12-1 -> #DIV/0!
A13: 1700 | B13: Pago Estímulos a Servidores Públicos | H13: ='PRESUP.EGRESOS FUENTE FINANCIAM'!M40 -> 0 | I13: =H13/G13-1 -> #DIV/0!
A14: 2000 | B14: MATERIALES Y SUMINISTROS | E14: =SUM(E15:E23) -> 0 | F14: =SUM(F15:F23) -> 0 | G14: =SUM(G15:G23) -> 66668 | H14: =SUM(H15:H23) -> 90256.5 | I14: =H14/G14-1 -> 0.35382042 | J14: =SUM(J15:J23) -> 80000 | K14: =SUM(K15:K23) -> 0 | L14: =SUM(L15:L23) -> 0
A15: 2100 | B15: Materiales de Administración, Emisión de Documentos y Artículos Oficiales | G15: 17000 | H15: ='PRESUP.EGRESOS FUENTE FINANCIAM'!M44 -> 48256.5 | I15: =H15/G15-1 -> 1.8386176 | J15: 40000
A16: 2200 | B16: Alimentos y Utensilios | H16: ='PRESUP.EGRESOS FUENTE FINANCIAM'!M53 -> 0 | I16: =H16/G16-1 -> #DIV/0!
A17: 2300 | B17: Materias Primas y Materiales de Producción y Comercialización | H17: ='PRESUP.EGRESOS FUENTE FINANCIAM'!M57 -> 0 | I17: =H17/G17-1 -> #DIV/0!
A18: 2400 | B18: Materiales y Artículos de Construcción y de Reparación | H18: ='PRESUP.EGRESOS FUENTE FINANCIAM'!M67 -> 10000 | I18: =H18/G18-1 -> #DIV/0! | J18: 8000
A19: 2500 | B19: Productos Químicos, Farmacéuticos y de Laboratorio | G19: 2000 | H19: ='PRESUP.EGRESOS FUENTE FINANCIAM'!M77 -> 0 | I19: =H19/G19-1 -> -1
A20: 2600 | B20: Combustibles, Lubricantes y Aditivos | G20: 47668 | H20: ='PRESUP.EGRESOS FUENTE FINANCIAM'!M85 -> 30000 | I20: =H20/G20-1 -> -0.37064697 | J20: 30000
A21: 2700 | B21: Vestuario, Blancos, Prendas de Protección y Artículos Deportivos | H21: ='PRESUP.EGRESOS FUENTE FINANCIAM'!M88 -> 2000 | I21: =H21/G21-1 -> #DIV/0! | J21: 2000
A22: 2800 | B22: Materiales y Suministros de Seguridad | H22: ='PRESUP.EGRESOS FUENTE FINANCIAM'!M94 -> 0 | I22: =H22/G22-1 -> #DIV/0!
A23: 2900 | B23: Herramientas, Refacciones y Accesorios Menores | H23: ='PRESUP.EGRESOS FUENTE FINANCIAM'!M98 -> 0 | I23: =H23/G23-1 -> #DIV/0!
A24: 3000 | B24: SERVICIOS GENERALES | E24: =SUM(E25:E33) -> 0 | F24: =SUM(F25:F33) -> 0 | G24: =SUM(G25:G33) -> 20000 | H24: =SUM(H25:H33) -> 145100 | I24: =H24/G24-1 -> 6.255 | J24: =SUM(J25:J33) -> 144000 | K24: =SUM(K25:K33) -> 0 | L24: =SUM(L25:L33) -> 0
A25: 3100 | B25: Servicios Básicos | G25: 5000 | H25: ='PRESUP.EGRESOS FUENTE FINANCIAM'!M109 -> 4200 | I25: =H25/G25-1 -> -0.16 | J25: 5000
A26: 3200 | B26: Servicios de Arrendamiento | H26: ='PRESUP.EGRESOS FUENTE FINANCIAM'!M119 -> 72000 | I26: =H26/G26-1 -> #DIV/0! | J26: 72000
A27: 3300 | B27: Servicios Profesionales, Científicos, Técnicos y Otros Servicios | H27: ='PRESUP.EGRESOS FUENTE FINANCIAM'!M129 -> 5000 | I27: =H27/G27-1 -> #DIV/0! | J27: 5000
A28: 3400 | B28: Servicios Financieros, Bancarios y Comerciales | H28: ='PRESUP.EGRESOS FUENTE FINANCIAM'!M139 -> 900 | I28: =H28/G28-1 -> #DIV/0! | J28: 1000
A29: 3500 | B29: Servicios de Instalación, Reparación, Mantenimiento y Conservación | H29: ='PRESUP.EGRESOS FUENTE FINANCIAM'!M149 -> 7000 | I29: =H29/G29-1 -> #DIV/0! | J29: 3000
A30: 3600 | B30: Servicios de Comunicación Social y Publicidad | G30: 5000 | H30: ='PRESUP.EGRESOS FUENTE FINANCIAM'!M159 -> 11000 | I30: =H30/G30-1 -> 1.2 | J30: 8000
A31: 3700 | B31: Servicios de Traslado y Viáticos | H31: ='PRESUP.EGRESOS FUENTE FINANCIAM'!M167 -> 0 | I31: =H31/G31-1 -> #DIV/0!
A32: 3800 | B32: Servicios Oficiales | G32: 10000 | H32: ='PRESUP.EGRESOS FUENTE FINANCIAM'!M177 -> 45000 | I32: =H32/G32-1 -> 3.5 | J32: 50000
A33: 3900 | B33: Otros Servicios Generales | H33: ='PRESUP.EGRESOS FUENTE FINANCIAM'!M183 -> 0 | I33: =H33/G33-1 -> #DIV/0!
A34: 4000 | B34: TRANSFERENCIAS, ASIGNACIONES, SUBSIDIOS Y OTRAS AYUDAS | E34: =SUM(E35:E43) -> 0 | F34: =SUM(F35:F43) -> 0 | G34: =SUM(G35:G43) -> 20000 | H34: =SUM(H35:H43) -> 40000 | I34: =H34/G34-1 -> 1 | J34: =SUM(J35:J43) -> 60000 | K34: =SUM(K35:K43) -> 0 | L34: =SUM(L35:L43) -> 0
A35: 4100 | B35: Transferencias Internas y Asignaciones al Sector Público | H35: ='PRESUP.EGRESOS FUENTE FINANCIAM'!M194 -> 0 | I35: =H35/G35-1 -> #DIV/0!
A36: 4200 | B36: Transferencias al Resto del Sector Público | H36: ='PRESUP.EGRESOS FUENTE FINANCIAM'!M204 -> 0 | I36: =H36/G36-1 -> #DIV/0!
A37: 4300 | B37: Susbsidios y Subvenciones | H37: ='PRESUP.EGRESOS FUENTE FINANCIAM'!M210 -> 0 | I37: =H37/G37-1 -> #DIV/0!
A38: 4400 | B38: Ayudas Sociales | G38: 20000 | H38: ='PRESUP.EGRESOS FUENTE FINANCIAM'!M220 -> 40000 | I38: =H38/G38-1 -> 1 | J38: 60000
A39: 4500 | B39: Pensiones y Jubilaciones | H39: ='PRESUP.EGRESOS FUENTE FINANCIAM'!M229 -> 0 | I39: =H39/G39-1 -> #DIV/0!
A40: 4600 | B40: Transferencias a Fideicomisos, Mandatos y Análogos | H40: ='PRESUP.EGRESOS FUENTE FINANCIAM'!M233 -> 0 | I40: =H40/G40-1 -> #DIV/0!
A41: 4700 | B41: Transferencias a la Seguridad Social | H41: ='PRESUP.EGRESOS FUENTE FINANCIAM'!M241 -> 0 | I41: =H41/G41-1 -> #DIV/0!
A42: 4800 | B42: Donativos | H42: ='PRESUP.EGRESOS FUENTE FINANCIAM'!M243 -> 0 | I42: =H42/G42-1 -> #DIV/0!
A43: 4900 | B43: Transferencias al Exterior | H43: ='PRESUP.EGRESOS FUENTE FINANCIAM'!M249 -> 0 | I43: =H43/G43-1 -> #DIV/0!
A44: 5000 | B44: BIENES MUEBLES, INMUEBLES E INTANGIBLES | E44: =SUM(E45:E53) -> 0 | F44: =SUM(F45:F53) -> 0 | G44: =SUM(G45:G53) -> 40000 | H44: =SUM(H45:H53) -> 42000 | I44: =H44/G44-1 -> 0.05 | J44: =SUM(J45:J53) -> 10000 | K44: =SUM(K45:K53) -> 0 | L44: =SUM(L45:L53) -> 0
A45: 5100 | B45: Mobiliario y Equipo de Administración | G45: 40000 | H45: ='PRESUP.EGRESOS FUENTE FINANCIAM'!M254 -> 42000 | I45: =H45/G45-1 -> 0.05 | J45: 10000
A46: 5200 | B46: Mobiliario y Equipo Educacional y Recreativo | H46: ='PRESUP.EGRESOS FUENTE FINANCIAM'!M261 -> 0 | I46: =H46/G46-1 -> #DIV/0!
A47: 5300 | B47: Equiipo e Instrumental Médico y de Laboratorio | H47: ='PRESUP.EGRESOS FUENTE FINANCIAM'!M266 -> 0 | I47: =H47/G47-1 -> #DIV/0!
A48: 5400 | B48: Vehículos y Equipo de Transporte | H48: ='PRESUP.EGRESOS FUENTE FINANCIAM'!M269 -> 0 | I48: =H48/G48-1 -> #DIV/0!
A49: 5500 | B49: Equipo de Defensa y Seguridad | H49: ='PRESUP.EGRESOS FUENTE FINANCIAM'!M276 -> 0 | I49: =H49/G49-1 -> #DIV/0!
A50: 5600 | B50: Maquinaria, Otros Equipos y Herramientas | H50: ='PRESUP.EGRESOS FUENTE FINANCIAM'!M278 -> 0 | I50: =H50/G50-1 -> #DIV/0!
A51: 5700 | B51: Activos Biológicos | H51: ='PRESUP.EGRESOS FUENTE FINANCIAM'!M287 -> 0 | I51: =H51/G51-1 -> #DIV/0!
A52: 5800 | B52: Bienes Inmuebles | H52: ='PRESUP.EGRESOS FUENTE FINANCIAM'!M297 -> 0 | I52: =H52/G52-1 -> #DIV/0!
A53: 5900 | B53: Activos Intangibles | H53: ='PRESUP.EGRESOS FUENTE FINANCIAM'!M302 -> 0 | I53: =H53/G53-1 -> #DIV/0!
A54: 6000 | B54: INVERSIÓN PÚBLICA | E54: =SUM(E55:E57) -> 0 | F54: =SUM(F55:F57) -> 0 | G54: =SUM(G55:G57) -> 0 | H54: =SUM(H55:H57) -> 0 | I54: =H54/G54-1 -> #DIV/0! | J54: =SUM(J55:J57) -> 0 | K54: =SUM(K55:K57) -> 0 | L54: =SUM(L55:L57) -> 0
A55: 6100 | B55: Obra Pública en Bienes de Dominio Público | H55: ='PRESUP.EGRESOS FUENTE FINANCIAM'!M313 -> 0 | I55: =H55/G55-1 -> #DIV/0!
A56: 6200 | B56: Obra Pública en Bienes de Dominio Propios | H56: ='PRESUP.EGRESOS FUENTE FINANCIAM'!M322 -> 0 | I56: =H56/G56-1 -> #DIV/0!
A57: 6300 | B57: Proyectos Productivos y Acciones de Fomento | H57: ='PRESUP.EGRESOS FUENTE FINANCIAM'!M331 -> 0 | I57: =H57/G57-1 -> #DIV/0!
A58: 7000 | B58: INVERSIONES FINANCIERAS Y OTRAS PROVISIONES | E58: =SUM(E59:E65) -> 0 | F58: =SUM(F59:F65) -> 0 | G58: =SUM(G59:G65) -> 0 | H58: =SUM(H59:H65) -> 0 | I58: =H58/G58-1 -> #DIV/0! | J58: =SUM(J59:J65) -> 0 | K58: =SUM(K59:K65) -> 0 | L58: =SUM(L59:L65) -> 0
A59: 7100 | B59: Inversiones para el Fomento de Actividades Productivas | H59: ='PRESUP.EGRESOS FUENTE FINANCIAM'!M335 -> 0 | I59: =H59/G59-1 -> #DIV/0! | M59: 61 | Q59: 61 | U59: 61 | Y59: 61 | AC59: 61 | AG59: 61 | AK59: 61 | AO59: 61 | AS59: 61 | AW59: 61 | BA59: 61 | BE59: 61 | BI59: 61 | BM59: 61 | BQ59: 61 | BU59: 61 | BY59: 61 | CC59: 61 | CG59: 61 | CK59: 61 | CO59: 61 | CS59: 61 | CW59: 61 | DA59: 61 | DE59: 61 | DI59: 61 | DM59: 61 | DQ59: 61 | DU59: 61 | DY59: 61 | EC59: 61 | EG59: 61 | EK59: 61 | EO59: 61 | ES59: 61 | EW59: 61 | FA59: 61 | FE59: 61 | FI59: 61 | FM59: 61 | FQ59: 61 | FU59: 61 | FY59: 61 | GC59: 61 | GG59: 61 | GK59: 61 | GO59: 61 | GS59: 61 | GW59: 61 | HA59: 61 | HE59: 61 | HI59: 61 | HM59: 61 | HQ59: 61 | HU59: 61 | HY59: 61 | IC59: 61 | IG59: 61 | IK59: 61 | IO59: 61 | IS59: 61 | IW59: 61
A60: 7200 | B60: Acciones y Participaciones de Capital | H60: ='PRESUP.EGRESOS FUENTE FINANCIAM'!M338 -> 0 | I60: =H60/G60-1 -> #DIV/0!
A61: 7300 | B61: Compra de Títulos y Valores | H61: ='PRESUP.EGRESOS FUENTE FINANCIAM'!M348 -> 0 | I61: =H61/G61-1 -> #DIV/0!
A62: 7400 | B62: Conseción de Préstamos | H62: ='PRESUP.EGRESOS FUENTE FINANCIAM'!M355 -> 0 | I62: =H62/G62-1 -> #DIV/0! | M62: 62 | Q62: 62 | U62: 62 | Y62: 62 | AC62: 62 | AG62: 62 | AK62: 62 | AO62: 62 | AS62: 62 | AW62: 62 | BA62: 62 | BE62: 62 | BI62: 62 | BM62: 62 | BQ62: 62 | BU62: 62 | BY62: 62 | CC62: 62 | CG62: 62 | CK62: 62 | CO62: 62 | CS62: 62 | CW62: 62 | DA62: 62 | DE62: 62 | DI62: 62 | DM62: 62 | DQ62: 62 | DU62: 62 | DY62: 62 | EC62: 62 | EG62: 62 | EK62: 62 | EO62: 62 | ES62: 62 | EW62: 62 | FA62: 62 | FE62: 62 | FI62: 62 | FM62: 62 | FQ62: 62 | FU62: 62 | FY62: 62 | GC62: 62 | GG62: 62 | GK62: 62 | GO62: 62 | GS62: 62 | GW62: 62 | HA62: 62 | HE62: 62 | HI62: 62 | HM62: 62 | HQ62: 62 | HU62: 62 | HY62: 62 | IC62: 62 | IG62: 62 | IK62: 62 | IO62: 62 | IS62: 62 | IW62: 62
A63: 7500 | B63: Inversiones en Fideicomisos, Mandatos y Otros Análogos | H63: ='PRESUP.EGRESOS FUENTE FINANCIAM'!M365 -> 0 | I63: =H63/G63-1 -> #DIV/0!
A64: 7600 | B64: Otras Inversiones Financieras | H64: ='PRESUP.EGRESOS FUENTE FINANCIAM'!M375 -> 0 | I64: =H64/G64-1 -> #DIV/0!
A65: 7900 | B65: Provisiones para Contingencias y Otras Erogaciones Especiales | H65: ='PRESUP.EGRESOS FUENTE FINANCIAM'!M378 -> 0 | I65: =H65/G65-1 -> #DIV/0!
A66: 8000 | B66: PARTICIPACIONES Y APORTACIONES | E66: =SUM(E67:E69) -> 0 | F66: =SUM(F67:F69) -> 0 | G66: =SUM(G67:G69) -> 0 | H66: =SUM(H67:H69) -> 0 | I66: =H66/G66-1 -> #DIV/0! | J66: =SUM(J67:J69) -> 0 | K66: =SUM(K67:K69) -> 0 | L66: =SUM(L67:L69) -> 0
A67: 8100 | B67: Participaciones | H67: ='PRESUP.EGRESOS FUENTE FINANCIAM'!M383 -> 0 | I67: =H67/G67-1 -> #DIV/0!
A68: 8300 | B68: Aportaciones | H68: ='PRESUP.EGRESOS FUENTE FINANCIAM'!M390 -> 0 | I68: =H68/G68-1 -> #DIV/0!
A69: 8500 | B69: Convenios | H69: ='PRESUP.EGRESOS FUENTE FINANCIAM'!M396 -> 0 | I69: =H69/G69-1 -> #DIV/0!
A70: 9000 | B70: DEUDA PÚBLICA | E70: =SUM(E71:E77) -> 0 | F70: =SUM(F71:F77) -> 0 | G70: =SUM(G71:G77) -> 0 | H70: =SUM(H71:H77) -> 0 | I70: =H70/G70-1 -> #DIV/0! | J70: =SUM(J71:J77) -> 0 | K70: =SUM(K71:K77) -> 0 | L70: =SUM(L71:L77) -> 0
A71: 9100 | B71: Amortización de la Deuda Pública | H71: ='PRESUP.EGRESOS FUENTE FINANCIAM'!M401 -> 0 | I71: =H71/G71-1 -> #DIV/0!
A72: 9200 | B72: Intereses de la Deuda Pública | H72: ='PRESUP.EGRESOS FUENTE FINANCIAM'!M410 -> 0 | I72: =H72/G72-1 -> #DIV/0!
A73: 9300 | B73: Comisiones de la Deuda Pública | H73: ='PRESUP.EGRESOS FUENTE FINANCIAM'!M419 -> 0 | I73: =H73/G73-1 -> #DIV/0!
A74: 9400 | B74: Gastos de la Deuda Pública | H74: ='PRESUP.EGRESOS FUENTE FINANCIAM'!M422 -> 0 | I74: =H74/G74-1 -> #DIV/0!
A75: 9500 | B75: Costo por Coberturas | H75: ='PRESUP.EGRESOS FUENTE FINANCIAM'!M425 -> 0 | I75: =H75/G75-1 -> #DIV/0!
A76: 9600 | B76: Apoyos Financieros | H76: ='PRESUP.EGRESOS FUENTE FINANCIAM'!M427 -> 0 | I76: =H76/G76-1 -> #DIV/0!
A77: 9900 | B77: Adeudos de Ejercicios Fiscales Anteriores (ADEFAS) | H77: ='PRESUP.EGRESOS FUENTE FINANCIAM'!M430 -> 0 | I77: =H77/G77-1 -> #DIV/0!
A78: TOTAL DE EGRESOS | E78: =E6+E14+E24+E34+E44+E54+E58+E66+E70 -> 0 | F78: =F6+F14+F24+F34+F44+F54+F58+F66+F70 -> 0 | G78: =G6+G14+G24+G34+G44+G54+G58+G66+G70 -> 480000 | H78: =H6+H14+H24+H34+H44+H54+H58+H66+H70 -> 959999.7 | I78: =H78/G78-1 -> 0.99999937 | J78: =J6+J14+J24+J34+J44+J54+J58+J66+J70 -> 960000 | K78: =K6+K14+K24+K34+K44+K54+K58+K66+K70 -> 0 | L78: =L6+L14+L24+L34+L44+L54+L58+L66+L70 -> 0
A80: CLASIFICACIÓN POR TIPO DE GASTO (CTG)
A81: TG | B81: DESCRIPCIÓN | C81: ESTIMACIÓN | D81: %
A82: 1 | B82: GASTO CORRIENTE | C82: =(H6+H14+H24+H34)-H39 -> 917999.7 | D82: =C82/$C$87 -> 0.95624999
A83: 2 | B83: GASTO DE CAPITAL | C83: =H44+H54+H58 -> 42000 | D83: =C83/$C$87 -> 0.043750014
A84: 3 | B84: AMORTIZACIÓN DE LA DEUDA Y DISMINUCIÓN DE PASIVOS | C84: =H70 -> 0 | D84: =C84/$C$87 -> 0
A85: 4 | B85: PENSIONES Y JUBILACIONES | C85: =H39 -> 0 | D85: =C85/$C$87 -> 0
A86: 5 | B86: PARTICIPACIONES | C86: =H66 -> 0 | D86: =C86/$C$87 -> 0
B87: SUMA | C87: =SUM(C82:C86) -> 959999.7 | D87: =SUM(D82:D86) -> 1

Sheet CLASIFIC.ADMINISTRATIVA
A1: Presupuesto de Egresos por Clasificación Administrativa 2019
A2: ='ESTIMACIÓN DE INGRESOS'!A2:C2 -> INSTITUTO MUNICIPAL DE LAS MUJERES DE IXTLAHUACAN DE LOS MEMBRILLOS, JALISCO.
A4: CA | B4: UA | C4: Nombre de la unidad responsable | D4: IMPORTE
D5: ANUAL
A6: 3.0.0.0.0. | B6: 0 | C6: SECTOR PÚBLICO MUNICIPAL
A7: 3.1.1.0.0. | B7: 0 | C7: GOBIERNO GENERAL MUNICIPAL
A8: 3.1.1.1.0. | B8: 0 | C8: Gobierno Municipal
A9: 3.1.1.1.1. | B9: 1 | C9: Órgano Ejecutivo Municipal (Ayuntamiento)
A10: 3.1.1.1.1. | B10: 2 | C10: Presidencia
A11: 3.1.1.1.1. | B11: 3 | C11: Dirección General de Relaciones Públicas
A12: 3.1.1.1.1. | B12: 4 | C12: Dirección General de Comunicación Social
A13: 3.1.1.1.1. | B13: 5 | C13: Secretaría Particular
A14: 3.1.1.1.1. | B14: 6 | C14: Secretaría de Ayuntamiento
A15: 3.1.1.1.1. | B15: 7 | C15: Sindicatura
A16: 3.1.1.1.1. | B16: 8 | C16: Tesorería
A17: 3.1.1.1.1. | B17: 9 | C17: Oficialía Mayor Administrativa
... A27: 3.1.1.1.1. | B27: 19 | C27: Dirección de Inovacion Gubernamental y Tecnologías de la Información
C35: Suma | D35: =SUM(D6:D34) -> 0

Sheet CLASIFIC.FUNCIONAL DEL GASTO
A1: Presupuesto de Egresos por Clasificación Funcional del Gasto 2019 (Finalidad, Función y Subfunción)
A2: =CLASIFIC.ADMINISTRATIVA!$A$2 -> INSTITUTO MUNICIPAL DE LAS MUJERES DE IXTLAHUACAN DE LOS MEMBRILLOS, JALISCO.
F3: IMPORTE ANUAL
A5: 1 | B5: GOBIERNO | F5: =SUM(F6+F9+F14+F24+F26+F29+F33+F38) -> 1
A6: 1. | B6: 1. | C6: LEGISLACIÓN | F6: =SUM(F7:F8) -> 1
B7: 1. | C7: 1. | D7: 1 | E7: Legislación | F7: 1
B8: 1. | C8: 1. | D8: 2 | E8: Fiscalización
A9: 1. | B9: 2. | C9: JUSTICIA | F9: =SUM(F10:F13) -> 0
B10: 1. | C10: 2. | D10: 1 | E10: Impartición de Justicia
B11: 1 | C11: 2 | D11: 2 | E11: Procuración de Justicia
B12: 1. | C12: 2. | D12: 3 | E12: Reclusión y Readaptación Social
B13: 1 | C13: 2 | D13: 4 | E13: Derechos Humanos
A14: 1. | B14: 3. | C14: COORDINACIÓN DE LA POLÍTICA DE GOBIERNO | F14: =SUM(F15:F23) -> 0
B15: 1. | C15: 3. | D15: 1 | E15: Presidencia/Gubernatura
B16: 1. | C16: 3. | D16: 2 | E16: Política Interior
B17: 1. | C17: 3. | D17: 3 | E17: Preservación y Cuidado del Patrimonio Público
B18: 1. | C18: 3. | D18: 4 | E18: Función Pública
B19: 1. | C19: 3. | D19: 5 | E19: Asuntos Jurídicos
B20: 1. | C20: 3. | D20: 6 | E20: Organización de Procesos Electorales
B21: 1. | C21: 3. | D21: 7 | E21: Población
B22: 1. | C22: 3. | D22: 8 | E22: Territorio
B23: 1. | C23: 3. | D23: 9 | E23: Otros
A24: 1. | B24: 4. | C24: RELACIONES EXTERIORES | F24: =SUM(F25) -> 0
B25: 1. | C25: 4. | D25: 1 | E25: Relaciones Exteriores
A26: 1. | B26: 5. | C26: ASUNTOS FINANCIEROS Y HACENDARIOS | F26: =SUM(F27:F28) -> 0
B27: 1. | C27: 5. | D27: 1 | E27: Asuntos Financieros
B28: 1. | C28: 5. | D28: 2 | E28: Asuntos Hacendarios
A29: 1. | B29: 6. | C29: SEGURIDAD NACIONAL | F29: =SUM(F30:F32) -> 0
B30: 1. | C30: 6. | D30: 1 | E30: Defensa
B31: 1. | C31: 6. | D31: 2 | E31: Marina
B32: 1. | C32: 6. | D32: 3 | E32: Inteligencia para la Preservación de la Seguridad Nacional
A33: 1. | B33: 7. | C33: ASUNTOS DE ORDEN PÚBLICO Y DE SEGURIDAD INTERIOR | F33: =SUM(F34:F37) -> 0
B34: 1. | C34: 7. | D34: 1 | E34: Policía
B35: 1. | C35: 7. | D35: 2 | E35: Protección Civil
B36: 1. | C36: 7. | D36: 3 | E36: Otros Asuntos de Orden Público y Seguridad
B37: 1. | C37: 7. | D37: 4 | E37: Sistema Nacional de Seguridad Pública
A38: 1. | B38: 8. | C38: OTROS SERVICIOS GENERALES | F38: =SUM(F39:F43) -> 0
B39: 1. | C39: 8. | D39: 1 | E39: Servicios Registrales, Administrativos y Patrimoniales
B40: 1. | C40: 8. | D40: 2 | E40: Servicios Estadísticos
B41: 1. | C41: 8. | D41: 3 | E41: Servicios de Comunicación y Medios
B42: 1. | C42: 8. | D42: 4 | E42: Acceso a la Información Pública Gubernamental
B43: 1. | C43: 8. | D43: 5 | E43: Otros
A44: 2 | B44: DESARROLLO SOCIAL | F44: =SUM(F45+F52+F60+F66+F71+F78+F88) -> 0
A45: 2. | B45: 1. | C45: PROTECCIÓN AMBIENAL | F45: =SUM(F46:F51) -> 0
B46: 2. | C46: 1. | D46: 1 | E46: Ordenación de Desechos
B47: 2. | C47: 1. | D47: 2 | E47: Adminstración del Agua
B48: 2. | C48: 1. | D48: 3 | E48: Ordenación de Aguas Residuales, Drenaje y Alcantarillado
B49: 2. | C49: 1. | D49: 4 | E49: Reducción de la Contaminación
B50: 2. | C50: 1. | D50: 5 | E50: Protección de la Diversidad Biológica y del Paisaje
B51: 2. | C51: 1. | D51: 6 | E51: Otros de Protección Ambiental
A52: 2. | B52: 2. | C52: VIVIENDA Y SERVICIOS A LA COMUNIDAD | F52: =SUM(F53:F59) -> 0
B53: 2. | C53: 2. | D53: 1 | E53: Urbanización
B54: 2. | C54: 2. | D54: 2 | E54: Desarrollo Comunitario
B55: 2. | C55: 2. | D55: 3 | E55: Abastecimiento de Agua
B56: 2. | C56: 2. | D56: 4 | E56: Alumbrado Público
B57: 2. | C57: 2. | D57: 5 | E57: Vivienda
B58: 2. | C58: 2. | D58: 6 | E58: Servicios Comunales
B59: 2. | C59: 2. | D59: 7 | E59: Desarrollo Regional
A60: 2. | B60: 3. | C60: SALUD | F60: =SUM(F61:F65) -> 0
B61: 2. | C61: 3. | D61: 1 | E61: Prestación de Servicios de Salud a la Comunidad
B62: 2. | C62: 3. | D62: 2 | E62: Prestación de Servicios de Salud a la Persona
B63: 2. | C63: 3. | D63: 3 | E63: Generación de Recursos para la Salud
B64: 2. | C64: 3. | D64: 4 | E64: Rectoría del Sistema de Salud
B65: 2. | C65: 3. | D65: 5 | E65: Protección Social en Salud
A66: 2. | B66: 4. | C66: RECREACIÓN, CULTURA Y OTRAS MANIFESTACIONES SOCIALES | F66: =SUM(F67:F70) -> 0
B67: 2. | C67: 4. | D67: 1 | E67: Deporte y Recreación
B68: 2. | C68: 4. | D68: 2 | E68: Cultura
B69: 2. | C69: 4. | D69: 3 | E69: Radio, Televisión y Editoriales
B70: 2. | C70: 4. | D70: 4 | E70: Asuntos Religiosos y Otras Manifestaciones Sociales
A71: 2. | B71: 5. | C71: EDUCACIÓN | F71: =SUM(F72:F77) -> 0
B72: 2. | C72: 5. | D72: 1 | E72: Educación Básica
B73: 2. | C73: 5. | D73: 2 | E73: Educación Media Superior
B74: 2. | C74: 5. | D74: 3 | E74: Educación Superior
B75: 2. | C75: 5. | D75: 4 | E75: Posgrado
B76: 2. | C76: 5. | D76: 5 | E76: Educación para Adultos
B77: 2. | C77: 5. | D77: 6 | E77: Otros Servicios Educativos y Actividades Inherentes
A78: 2. | B78: 6. | C78: PROTECCIÓN SOCIAL | F78: =SUM(F79:F87) -> 0
B79: 2. | C79: 6. | D79: 1 | E79: Enfermedad e Incapacidad
B80: 2. | C80: 6. | D80: 2 | E80: Edad Avanzada
B81: 2. | C81: 6. | D81: 3 | E81: Familia e Hijos
B82: 2. | C82: 6. | D82: 4 | E82: Desempleo
B83: 2. | C83: 6. | D83: 5 | E83: Alimentación y Nutrición
B84: 2. | C84: 6. | D84: 6 | E84: Apoyo Social para la Vivienda
B85: 2. | C85: 6. | D85: 7 | E85: Indígenas
B86: 2. | C86: 6. | D86: 8 | E86: Otros Grupos Vulnerables
B87: 2. | C87: 6. | D87: 9 | E87: Otros de Seguridad Social y Asistencia Social
A88: 2. | B88: 7. | C88: OTROS ASUNTOS SOCIALES | F88: =SUM(F89) -> 0
B89: 2. | C89: 7. | D89: 1 | E89: Otros Asuntos Sociales
A90: 3 | B90: DESARROLLO ECONÓMICO | F90: =SUM(F91+F94+F101+F108+F112+F119+F121+F124+F129) -> 0
A91: 3. | B91: 1. | C91: ASUNTOS ECONÓMICOS, COMERCIALES Y LABORALES EN GENERAL | F91: =SUM(F92:F93) -> 0
B92: 3. | C92: 1. | D92: 1 | E92: Asuntos Económicos y Comerciales en General
B93: 3. | C93: 1. | D93: 2 | E93: Asuntos Laborales Generales
A94: 3. | B94: 2. | C94: AGROPECUARIA, SILVICULTURA, PESCA Y CAZA | F94: =SUM(F95:F100) -> 0
B95: 3. | C95: 2. | D95: 1 | E95: Agropecuaria
B96: 3. | C96: 2. | D96: 2 | E96: Silvicultura
B97: 3. | C97: 2. | D97: 3 | E97: Acuacultura, Pesca y Caza
B98: 3. | C98: 2. | D98: 4 | E98: Agroindustrial
B99: 3. | C99: 2. | D99: 5 | E99: Hidroagrícola
B100: 3. | C100: 2. | D100: 6 | E100: Apoyo Financiero a la Banca y Seguro Agropecuario
A101: 3. | B101: 3. | C101: COMBUSTIBLES Y ENERGÍA | F101: =SUM(F102:F107) -> 0
...

Sheet ESTUDIOS ACTUARIALES
A1: INFORME SOBRE ESTUDIOS ACTUARIALES LDF 2019
A2: ='ESTIMACIÓN DE INGRESOS'!A2:C2 -> INSTITUTO MUNICIPAL DE LAS MUJERES DE IXTLAHUACAN DE LOS MEMBRILLOS, JALISCO.
C3: Pensiones y Jubilaciones | D3: Salud | E3: Riesgo de Trabajo | F3: Invalidez y Vida | G3: Otras Prestaciones Sociales
A5: Tipo de Sistema
B6: Prestación Laboral o Fondo General para Trabajadores del Estado o Municipio
B7: Beneficio definido, Contribución Definida o Mixto
A8: Prestación Afiliada
B9: Activos
B10: Edad Máxima
B11: Edad Mínima
B12: Edad Promedio
B13: Pensionados y Jubilados
B14: Edad Máxima
B15: Edad Mínima
B16: Edad Promedio
B17: Beneficiarios
B18: Promedio de Años de Servicio (Trabajadores Activos)
B19: Aportación Individual al Plan de Pensión como % del Salario
B20: Crecimiento Esperdo de los Pensionados y Jubilados (como%)
... B23: Esperanza de Vida
A24: Ingreso del Fondo
B25: Ingresos Anuales al Fondo de Pensiones
A26: Nómina Anual
B27: Activos
B28: Pensionados y Jubilados
B29: Beneficiarios de Pensionados y Jubilados
A30: Monto Mensual por Pensión
B31: Máximo
B32: Mínimo
B33: Promedio
A34: Monto de la Reserva
A35: Valor presente de las Obligaciones
B36: Pensiones y Jubilaciones en Curso de Pago
B37: Generación actual
B38: Generaciones futuras
A39: Valor presente de las Contribuciones Asociadas a los Sueldos Futuros de Cotización X%
B40: Generación Actual
B41: Generaciones Futuras
B42: Otros Ingresos
A43: Déficit/Superávit
B44: Generación Actual
B45: Generaciones Futuras
A46: Periodo de Suficiencia
B47: Año de Descapitalización
B48: Tasa de Rendimiento
A49: Estudio Actuarial
B50: Año de Elaboración del Estudio Actuarial
B51: Empresa que Elaboró el Estudio Actuarial

Sheet PLANTILLA  
A1: Plantilla de Personal de Carácter Permanente 2019
A2: INSTITUTO MUNICIPAL DE LAS MUJERES DE IXTLAHUACAN DE LOS MEMBRILLOS JALISCO
A4: Nombre de la Plaza | P4: Adscripción de la Plaza | AD4: FF | AG4: No. Plazas | AK4: 111-113 | AY4: 131 | BG4: 132 | BO4: 132 | BW4: 133 | CE4: 134 | CN4: 1500 Otras Prestaciones | CV4: Suma Total de Remuneraciones
AK5: Dietas y Sueldo Base | AY5: Primas por años | BG5: Prima Vacacional y Dominical | BO5: Gratificación de Fin de Año (Aguinaldo) | BW5: Horas Extraordinarias | CE5: Compensaciones
AK6: Mensual | AQ6: Anual | AY6: de Servicios Efectivos Prestados
AG7: 35480
AQ8: =AG8*AK8*12 -> 0 | BO8: =AQ8/365*50 -> 0 | CV8: =SUM(AQ8:CU8) -> 0
AQ9: =AG9*AK9*12 -> 0 | BO9: =AQ9/365*50 -> 0 | CV9: =SUM(AQ9:CU9) -> 0
AQ10: =AG10*AK10*12 -> 0 | BO10: =AQ10/365*50 -> 0 | CV10: =SUM(AQ10:CU10) -> 0
AQ11: =AG11*AK11*12 -> 0 | BO11: =AQ11/365*50 -> 0 | CV11: =SUM(AQ11:CU11) -> 0
AQ12: =AG12*AK12*12 -> 0 | BO12: =AQ12/365*50 -> 0 | CV12: =SUM(AQ12:CU12) -> 0
AQ13: =AG13*AK13*12 -> 0 | BO13: =AQ13/365*50 -> 0 | CV13: =SUM(AQ13:CU13) -> 0
AQ14: =AG14*AK14*12 -> 0 | BO14: =AQ14/365*50 -> 0 | CV14: =SUM(AQ14:CU14) -> 0
AQ15: =AG15*AK15*12 -> 0 | BO15: =AQ15/365*50 -> 0 | CV15: =SUM(AQ15:CU15) -> 0
AQ16: =AG16*AK16*12 -> 0 | BO16: =AQ16/365*50 -> 0 | CV16: =SUM(AQ16:CU16) -> 0
AQ17: =AG17*AK17*12 -> 0 | BO17: =AQ17/365*50 -> 0 | CV17: =SUM(AQ17:CU17) -> 0
AQ18: =AG18*AK18*12 -> 0 | BO18: =AQ18/365*50 -> 0 | CV18: =SUM(AQ18:CU18) -> 0
AQ19: =AG19*AK19*12 -> 0 | BO19: =AQ19/365*50 -> 0 | CV19: =SUM(AQ19:CU19) -> 0
... AQ106: =AG106*AK106*12 -> 0 | BO106: =AQ106/365*50 -> 0 | CV106: =SUM(AQ106:CU106) -> 0
AQ107: 0 | BO107: 0 | CV107: 0
AQ108: =AG108*AK108*12 -> 0 | BO108: =AQ108/365*50 -> 0 | CV108: =SUM(AQ108:CU108) -> 0
A109: TOTALES | AG109: =SUM(AG8:AJ108) -> 0 | AK109: =SUM(AK8:AP108) -> 0 | AQ109: =SUM(AQ8:AX108) -> 0 | AY109: =SUM(AY8:BF108) -> 0 | BG109: =SUM(BG8:BN108) -> 0 | BO109: =SUM(BO8:BV108) -> 0 | BW109: =SUM(BW8:CD108) -> 0 | CE109: =SUM(CE8:CM108) -> 0 | CN109: =SUM(CN8:CU108) -> 0 | CV109: =SUM(CV8:DE108) -> 0

Sheet  CAT. FUNCION, SUB FUNCION
A1: Catalógo para Presupuesto de Egresos Funcional Programática
A2: F | B2: FN | C2: SF | D2: Descripción | E2: Definición
A3: 1 | B3: 0 | C3: 0 | D3: GOBIERNO | E3: Comprende las acciones propias de la gestión gubernamental, tales como la administración de asuntos de carácter legislativo, procuración e impartición de justicia, asuntos militares y seguridad nacional, asuntos con el exterior, asuntos hacendarios, política interior, organización de los procesos electorales, regulación y normatividad aplicable a los particulares y al propio sector público y la administración interna del sector público.
A4: 1 | B4: 1 | C4: 0 | D4: LEGISLACIÓN | E4: Comprende las acciones relativas a la iniciativa, revisión, elaboración, aprobación, emisión y difusión de leyes, reglamentos y acuerdos; así como la fiscalización de la cuenta pública, entre otras.
A5: 1 | B5: 1 | C5: 1 | D5: Legislación | E5: Comprende las acciones relativas a la iniciativa, revisión, elaboración, aprobación, emisión y difusión de leyes, decretos, reglamentos y acuerdos, a quienes la constitución política del país y de las entidades federativas les otorgan la facultad de hacerlo.
A6: 1 | B6: 1 | C6: 2 | D6: Fiscalización | E6: Comprende las acciones relativas a la fiscalización de la rendición de cuentas.
A7: 1 | B7: 2 | C7: 0 | D7: JUSTICIA | E7: Comprende la Administración de la Procuración e Impartición de la Justicia, como las acciones de las fases de investigación, acopio de pruebas e indicios, hasta la imposición, ejecución y cumplimiento de resoluciones de carácter penal, civil, familiar, administrativo, laboral, electoral; del conocimiento y calificación de las infracciones e imposición de sanciones en contra de quienes presuntamente han violado la Ley o disputen un derecho, exijan su reconocimiento o en su caso impongan obligaciones. Así como las acciones orientadas a la persecución oficiosa o a petición de parte ofendida, de las conductas que transgreden las disposiciones legales, las acciones de representación de los intereses sociales en juicios y procedimientos que se realizan ante las instancias de justicia correspondiente. Incluye la administración de los centros de reclusión y readaptación. Así como los programas, actividades y proyectos relacionados con los derechos humanos, entre otros.
A8: 1 | B8: 2 | C8: 1 | D8: Impartición de Justicia | E8: Comprende las acciones que desarrollan el Poder Judicial, los Tribunales Agrarios, Fiscales y Administrativos, así como las relativas a la impartición de justicia en materia laboral. Incluye infraestructura y equipamiento necesarios.
A9: 1 | B9: 2 | C9: 2 | D9: Procuración de Justicia | E9: Comprende la administración de las actividades inherentes a la procuración de justicia, así como la infraestructura y equipamiento.
A10: 1 | B10: 2 | C10: 3 | D10: Reclusión y Readaptación Social | E10: Comprende la administración, gestión o apoyo de los centros de reclusión y readaptación social, así como acciones encaminadas a corregir conductas antisociales de quienes infringieron la ley y que por tal razón purgan la pena correspondiente en Centros de Reclusión y Readaptación Social para adultos y menores infractores. incluye la infraestructura y el equipamiento necesario.
A11: 1 | B11: 2 | C11: 4 | D11: Derechos Humanos | E11: Comprende actividades relacionadas con la protección, observancia, promoción, estudio y divulgación de los derechos humanos en los ámbitos estatal, nacional e internacional. Incluye acciones orientadas a la organización del poder público que permita asegurar jurídicamente el pleno goce de los derechos humanos, así como al impulso del respeto y garantía de los mismos.
A12: 1 | B12: 3 | C12: 0 | D12: COORDINACIÓN DE LA POLÍTICA DE GOBIERNO | E12: Comprende las acciones enfocadas a la formulación y establecimiento de las directrices, lineamientos de acción y estrategias de gobierno.
A13: 1 | B13: 3 | C13: 1 | D13: Presidencia / Gubernatura | E13: Comprende las actividades que desarrollan las oficinas del Titular del Poder Ejecutivo de la Federación, Entidades Federativas y Municipios.
A14: 1 | B14: 3 | C14: 2 | D14: Política Interior | E14: Incluye la planeación, formulación, diseño, ejecución e implantación de la política del desarrollo político y las actividades de enlace con el Congreso.
... A132: 4 | B132: 4 | C132: 1 | D132: Adeudo de Ejercicios Fiscales Anteriores | E132: Comprende los pagos que realiza el Gobierno derivados del gasto devengado no pagado de ejercicios fiscales anteriores.
